 Dungeon Crawl Stone Soup version 0.29.0-4-gdea44cf6ec (webtiles) character file.

Game seed: 8311802068577607708

178220 qw the Brawler (level 17, 0/162 HPs)
             Began as a Troll Cinder Acolyte on Sept 3, 2022.
             Was a High Priest of Okawaru.
             Killed from afar by a salamander mystic (18 damage)
             ... with a bolt of magma
             ... on level 3 of the Snake Pit.
             The game lasted 00:15:56 (26068 turns).

qw the Brawler (Troll Cinder Acolyte)              Turns: 26068, Time: 00:15:57

Health: 0/162      AC: 20    Str: 35    XL:     17   Next: 57%
Magic:  16/23      EV:  8    Int:  9    God:    Okawaru [*****.]
Gold:   1596       SH: 27    Dex: 11    Spells: 18/18 levels left

rFire   + . .      SeeInvis .     - Unarmed
rCold   . . .      Faith    .   F - +2 tower shield
rNeg    . . .      Spirit   .   s - +2 swamp dragon scales
rPois   +          Reflect  +   w - +1 hat
rElec   .          Harm     .   g - +0 cloak
rCorr   .          Rampage  .   (gloves unavailable)
Will    +....                   (boots unavailable)
Stlth   ++........              i - amulet of reflection
HPRegen 1.17/turn               e - ring "Noadeoz" {Wiz rF+ Str+4 Dex+2}
MPRegen 0.18/turn               m - +4 ring of protection

@: heroic, constricted
A: large, unfitting armour, claws 3, regeneration 1, shaggy fur 1, tough skin 1,
agile 1, wild magic 1, MP-powered wands
a: Renounce Religion, Heroism, Finesse, Duel


You were on level 3 of the Snake Pit.
You worshipped Okawaru.
Okawaru was extremely pleased with you.
You visited 5 branches of the dungeon, and saw 26 of its levels.

You collected 4197 gold pieces.
You spent 2601 gold pieces at shops.


Innate Abilities, Weirdness & Mutations

You are too large for most types of armour.
You have claws for hands.
Your natural rate of healing is unusually fast.
You are covered in fur. (AC +1)
You have tough skin. (AC +1)
You are agile. (Dex +4, Str/Int -1)
Your spells are a little harder to cast, but a little more powerful.
You expend magic power (3 MP) to strengthen your wands.


   Skills:
 - Level 9.0(14.0) Fighting
 - Level 8.0(13.0) Throwing
 - Level 4.0(9.0) Armour
 - Level 4.0(9.0) Dodging
 + Level 15.4(20.4) Shields
 - Level 19.0(24.0) Unarmed Combat
 - Level 1.0 Spellcasting
 - Level 2.1 Fire Magic
 - Level 10.0 Invocations


You had 18 spell levels left.
You didn't know any spells.
Your spell library contained the following spells:

 Spells                   Type           Power      Damage    Failure   Level
 Scorch                   Fire           10%        2d6       26%         2

Inventory:

Missiles
 c - 10 boomerangs
 r - 4 javelins
 x - 29 large rocks (quivered)
 z - 4 silver javelins
Armour
 g - a +0 cloak (worn)
 s - +2 swamp dragon scales (worn)
 v - the +1 robe "Fofoen" {rPois rF+ Str+5}
   (You found it on level 11 of the Dungeon)

   Str:       It affects your strength (+5).
   rF:        It protects you from fire.
   rPois:     It protects you from poison.
 w - a +1 hat (worn)
 y - +0 storm dragon scales
 B - the +1 robe of Vines {NoPotionHeal Regen++++}
   (Okawaru gifted it to you on level 15 of the Dungeon)

   Its wearer cannot be healed by potions.
   Regen:     It increases your rate of health regeneration.
 F - a +2 tower shield (worn)
Jewellery
 e - the ring "Noadeoz" (left claw) {Wiz rF+ Str+4 Dex+2}
   (You found it on level 6 of the Dungeon)

   [ring of wizardry]

   It improves your spell success rate.
   Str:       It affects your strength (+4).
   Dex:       It affects your dexterity (+2).
   rF:        It protects you from fire.
 i - an amulet of reflection (around neck)
 k - a +4 ring of evasion
 l - a ring of protection from fire
 m - a +4 ring of protection (right claw)
 E - the ring "Lonwyrer" {Fire Will+}
   (You bought it in a shop on level 1 of the Snake Pit)

   [ring of fire]

   It enhances your fire magic.
   rF:        It protects you from fire.
   rC:        It makes you vulnerable to cold.
   Will:      It increases your willpower.
Wands
 u - a wand of digging (4)
Scrolls
 j - 17 scrolls of identify
 A - a scroll of brand weapon
 C - 2 scrolls of enchant weapon
Potions
 b - 5 potions of mutation
 d - 2 potions of cancellation
 f - 7 potions of haste
 h - 4 potions of might
 n - 7 potions of resistance
 q - 7 potions of curing
 t - 2 potions of magic

Dungeon Overview and Level Annotations

Branches:
Dungeon (15/15)            Temple (1/1) D:7            Lair (5/5) D:10
  Swamp (0/4) Lair:2        Snake (3/4) Lair:3        Slime (0/5) Lair:4
    Orc (2/2) D:12            Elf (0/3) Orc:2        Vaults (0/5) D:13
 Depths (0/4) D:15

Altars:
Cheibriados
Dithmenos
Elyvilon
Fedhas
Hepliaklqana
Kikubaaqudgha
Makhleb
Nemelex Xobeh
Okawaru
Ru
Sif Muna
Trog
Uskayaw
Vehumet
Wu Jian
Xom
The Shining One
Jiyva
Lugonu

Shops:
D:2 (   D:9 !   D:14 (   Orc:2 *=!?   Snake:1 =   Snake:2 [*[

Portals:
Abyss: Lair:5

Annotations:
D:9 2 runed translucent doors, qw's ghost, novice TeWr
Lair:4 1 runed translucent door, qw's ghost, journeyman TrCA


Message History

The black mamba bites you but does no damage.
You completely miss the black mamba.
The black mamba is heavily wounded.
You block the black mamba's attack. You block the mana viper's attack.
You block the black mamba's attack.
The salamander hits you but does no damage.
You claw the black mamba!
The black mamba is almost dead.
You block the mana viper's attack. The black mamba bites you.
The naga ritualist spits poison at you.
The splash of poison reflects off an invisible shield around you!
The splash of poison hits the naga ritualist.
The naga ritualist completely resists.
You block the black mamba's attack.
The salamander hits you but does no damage.
You eviscerate the black mamba!!!
You kill the black mamba!
Okawaru accepts your kill. You block the mana viper's attack.
The black mamba closely misses you. You block the salamander's attack.
You claw the black mamba!
The black mamba is moderately wounded.
The mana viper bites you.
You feel your power leaking away. You block the black mamba's attack.
You eviscerate the black mamba!!!
You kill the black mamba!
Okawaru accepts your kill. You block the mana viper's attack.
You block the salamander's attack. You block the mana viper's attack.
You scratch the mana viper.
The mana viper is lightly wounded.
You block the salamander's attack. You block the mana viper's attack.
The salamander mystic hits you but does no damage.
You block the naga ritualist's attack. The naga ritualist grabs you.
The naga ritualist constricts you.
You closely miss the naga ritualist. You block the mana viper's attack.
You block the salamander's attack.
The salamander mystic casts a spell at you.
The bolt of magma hits you!! You partially resist.
You die...

... #...# ##....... ....
#...# ##...(....>
....####...###.)........
...........##.(......^..
.#..........'..%........
.#..........'..)........
.#.........##....N......
.##.##....####.%SN......
.##.##....# #''@N#....
.##)##....# #....#.N..
.##)##....# #....# ...
..))##....####....# ..
.##..........#....#
.##...............#
###...............'
#################


You could see a salamander mystic, a salamander (fast), a naga ritualist and a
mana viper (fast).

Vanquished Creatures
  Gastronok (Lair:3)
  Roxanne (D:15)
  Aizul (Snake:1)
  Josephine (Lair:5)
  Snorg (Orc:1)
  A vault guard (D:13)
  4 boulder beetles
  7 hydras
  2 ice dragons (D:15)
  A catoblepas (D:12)
  4 ogre magi (Orc:2)
  Erolcha (D:10)
  16 naga warriors
  15 two-headed ogres (Orc:2)
  A centaur warrior (D:13)
  6 anacondas
  3 tengu warriors
  3 thrashing horrors (Lair:5)
  4 naga sharpshooters
  An orc high priest (Orc:2)
  8 death yaks
  3 shock serpents
  A salamander mystic (Snake:3)
  5 skeletal warriors (D:15)
  3 naga ritualists
  A lindwurm (Lair:3)
  A wizard (D:15)
  3 mana vipers
  3 orc knights
  2 oklob plants (Lair:5)
  A deep elf pyromancer (D:13)
  12 salamanders
  2 orc sorcerers (Orc:2)
  14 ugly things
  Maurice (D:8)
  24 black mambas
  4 cyclopes
  18 elephants
  6 naga magi
  6 guardian serpents
  3 unseen horrors
  Maggie (D:9)
  3 smoke demons (Lair:5)
  A torpor snail (Lair:5)
  10 cane toads
  5 komodo dragons
  2 ancient zymes (Lair:5)
  A tengu conjurer (D:13)
  3 hornets
  2 polar bears
  2 trolls
  Prince Ribbit (D:8)
  A wind drake (shapeshifter) (Lair:5)
  4 dream sheep (Lair:3)
  8 slime creatures
  29 blink frogs
  A ynoxinul (Lair:5)
  Eustachio (D:5)
  2 spriggans (Lair:5)
  3 wraiths (Lair:5)
  57 yaks
  A water elemental (D:14)
  A vampire (D:10)
  A wyvern (Lair:3)
  4 basilisks
  10 fire elementals
  10 vampire mosquitoes
  A large abomination (Lair:5)
  32 nagas
  5 wargs
  2 chaos spawn (Lair:5)
  2 acid dragons
  18 water moccasins
  A swamp drake (Lair:2)
  17 orc warriors
  3 ice beasts
  A black bear (D:7)
  26 ogres
  22 wolves
  6 centaurs
  A phantom (D:5)
  A kobold brigand (D:11)
  5 bullfrogs
  2 necrophages
  A scorpion (D:7)
  4 earth elementals
  A gnoll sergeant (D:7)
  8 small abominations (Lair:5)
  27 killer bees
  A howler monkey (D:5)
  An electric eel (Lair:3)
  A jelly (D:4)
  3 hounds
  A gnoll bouda (D:8)
  24 orc priests
  6 iguanas
  13 orc wizards
  15 gnolls
  9 adders
  2 shadow imps
  An ufetubus (D:5)
  3 worms
  4 dart slugs
  95 orcs
  6 bats
  4 endoplasms
  5 giant cockroaches
  11 hobgoblins
  8 jackals
  8 quokkas
  8 ball pythons
  3 frilled lizards
  8 goblins
  13 kobolds
  4 rats
802 creatures vanquished.

Vanquished Creatures (others)
  A black mamba (Snake:1)
  A naga (Snake:3)
  22 fungi
  24 plants
48 creatures vanquished.

Grand Total: 850 creatures vanquished

Notes
Turn   | Place    | Note
-------+----------+-------------------------------------------
     0 | D:1      | qw the Troll Cinder Acolyte began the quest for the Orb.
     0 | D:1      | Reached XP level 1. HP: 22/22 MP: 1/1
     0 | D:1      | 0 ||| qw: Version: 0.1-a-102-g441f92d
     0 | D:1      | 0 ||| qw: Game counter: 5095
     0 | D:1      | 0 ||| qw: Always use a shield: true
     0 | D:1      | 0 ||| qw: God list: Okawaru
     0 | D:1      | 0 ||| qw: Allow faded altars: false
     0 | D:1      | 0 ||| qw: Do Orc after D:15 true
     0 | D:1      | 0 ||| qw: Do second Lair branch before Depths: true
     0 | D:1      | 0 ||| qw: Lair rune preference: random
     0 | D:1      | 0 ||| qw: Plans: Normal
     0 | D:1      | 0 ||| PLANNING D:1-11
    34 | D:1      | 34 ||| Stepping ~*~*~tactically~*~*~ (stealth).
    35 | D:1      | 35 ||| Stepping ~*~*~tactically~*~*~ (stealth).
    36 | D:1      | 36 ||| Stepping ~*~*~tactically~*~*~ (stealth).
    37 | D:1      | 37 ||| Stepping ~*~*~tactically~*~*~ (stealth).
    42 | D:1      | 42 ||| Stepping ~*~*~tactically~*~*~ (stealth).
    57 | D:1      | 57 ||| Stepping ~*~*~tactically~*~*~ (stealth).
    80 | D:1      | Reached XP level 2. HP: 28/29 MP: 2/2
   131 | D:1      | 131 ||| Stepping ~*~*~tactically~*~*~ (hiding).
   144 | D:1      | 144 ||| Stepping ~*~*~tactically~*~*~ (stealth).
   149 | D:1      | 149 ||| Stepping ~*~*~tactically~*~*~ (stealth).
   157 | D:1      | 157 ||| Stepping ~*~*~tactically~*~*~ (stealth).
   252 | D:1      | Reached skill level 4 in Unarmed Combat
   493 | D:1      | 493 ||| READING scroll labelled IRPHAM QEOTABAN.
   519 | D:2      | Reached XP level 3. HP: 36/36 MP: 3/3
   528 | D:2      | 528 ||| Stepping ~*~*~tactically~*~*~ (hiding).
   529 | D:2      | 529 ||| Stepping ~*~*~tactically~*~*~ (hiding).
   660 | D:2      | Found Ratutekue's Antique Weapon Shop.
  1003 | D:2      | Reached XP level 4. HP: 41/44 MP: 4/4
  1177 | D:2      | Reached skill level 5 in Unarmed Combat
  1257 | D:2      | 1257 ||| READING scroll labelled QAIM FYJYKHLI.
  1295 | D:3      | 1295 ||| Stepping ~*~*~tactically~*~*~ (stealth).
  1303 | D:3      | 1303 ||| Stepping ~*~*~tactically~*~*~ (stealth).
  1307 | D:3      | 1307 ||| Stepping ~*~*~tactically~*~*~ (stealth).
  1308 | D:3      | 1308 ||| Stepping ~*~*~tactically~*~*~ (stealth).
  1309 | D:3      | 1309 ||| Stepping ~*~*~tactically~*~*~ (stealth).
  1321 | D:3      | Noticed a phantom
  1322 | D:3      | 1322 ||| Stepping ~*~*~tactically~*~*~ (stealth).
  1329 | D:3      | 1329 ||| Stepping ~*~*~tactically~*~*~ (stealth).
  1335 | D:3      | 1335 ||| Stepping ~*~*~tactically~*~*~ (stealth).
  1336 | D:3      | 1336 ||| Stepping ~*~*~tactically~*~*~ (stealth).
  1340 | D:3      | 1340 ||| Stepping ~*~*~tactically~*~*~ (stealth).
  1341 | D:3      | 1341 ||| Stepping ~*~*~tactically~*~*~ (outnumbered).
  1342 | D:3      | 1342 ||| Stepping ~*~*~tactically~*~*~ (outnumbered).
  1364 | D:3      | 1364 ||| Stepping ~*~*~tactically~*~*~ (hiding).
  1365 | D:3      | 1365 ||| Stepping ~*~*~tactically~*~*~ (hiding).
  1371 | D:3      | 1371 ||| Stepping ~*~*~tactically~*~*~ (outnumbered).
  1372 | D:3      | 1372 ||| INVOKING Fiery Armour.
  1672 | D:3      | Reached XP level 5. HP: 47/50 MP: 5/5
  1737 | D:3      | 1737 ||| Stepping ~*~*~tactically~*~*~ (hiding).
  1738 | D:3      | 1738 ||| Stepping ~*~*~tactically~*~*~ (hiding).
  1740 | D:3      | 1740 ||| INVOKING Fiery Armour.
  1744 | D:3      | Reached skill level 6 in Unarmed Combat
  1750 | D:3      | Reached skill level 1 in Throwing
  1750 | D:3      | 1750 ||| Stepping ~*~*~tactically~*~*~ (outnumbered).
  1752 | D:3      | 1752 ||| Stepping ~*~*~tactically~*~*~ (outnumbered).
  1896 | D:3      | Found a faded altar of an unknown god.
  1909 | D:3      | 1909 ||| UPGRADING to +2 kite shield.
  1914 | D:3      | 1914 ||| UPGRADING to +4 ring of evasion.
  1915 | D:3      | 1915 ||| READING scroll labelled CAEKUTW VA NUV.
  1919 | D:3      | 1919 ||| READING scroll labelled PUNEVU ALUMM.
  1919 | D:3      | Identified a scroll of acquirement
  1919 | D:3      | 1919 ||| ACQUIRING +4 ring of protection
  1919 | D:3      | Acquired a +4 ring of protection
  1921 | D:3      | 1921 ||| UPGRADING to +4 ring of protection.
  1922 | D:3      | 1922 ||| DRINKING 2 lumpy blue potions.
  1922 | D:3      | Gained mutation: You expend magic power (3 MP) to
                  | strengthen your wands. [potion of mutation]
  1922 | D:3      | Gained mutation: Your spells are a little harder to cast,
                  | but a little more powerful. [potion of mutation]
  1922 | D:3      | Gained mutation: You are agile. (Dex +4, Str/Int -1)
                  | [potion of mutation]
  1923 | D:3      | 1923 ||| DRINKING 2 red potions.
  1976 | D:4      | Noticed a centaur
  1978 | D:4      | 1978 ||| Stepping ~*~*~tactically~*~*~ (stealth).
  2038 | D:4      | Noticed an ogre
  2046 | D:4      | Killed an ogre
  2047 | D:4      | Reached XP level 6. HP: 59/59 MP: 6/6
  2062 | D:4      | 2062 ||| Stepping ~*~*~tactically~*~*~ (stealth).
  2066 | D:4      | 2066 ||| Stepping ~*~*~tactically~*~*~ (hiding).
  2067 | D:4      | 2067 ||| Stepping ~*~*~tactically~*~*~ (hiding).
  2072 | D:4      | 2072 ||| INVOKING Fiery Armour.
  2073 | D:4      | 2073 ||| Stepping ~*~*~tactically~*~*~ (outnumbered).
  2188 | D:4      | Reached skill level 3 in Shields
  2206 | D:4      | 2206 ||| Stepping ~*~*~tactically~*~*~ (stealth).
  2210 | D:4      | 2210 ||| Stepping ~*~*~tactically~*~*~ (stealth).
  2213 | D:4      | 2213 ||| Stepping ~*~*~tactically~*~*~ (hiding).
  2390 | D:4      | Reached XP level 7. HP: 61/66 MP: 7/7
  2741 | D:4      | 2741 ||| READING scroll labelled FIOKAX TIYRI.
  2773 | D:4      | 2773 ||| READING scroll labelled ASEYTTE TOUD.
  2774 | D:4      | 2774 ||| READING scroll labelled FOWOPA TAAREAB.
  2875 | D:4      | 2875 ||| READING 2 scrolls labelled NETURU ZOCKO.
  2876 | D:4      | 2876 ||| READING scroll labelled FALYZU MAKHUUMM.
  2877 | D:4      | 2877 ||| READING scroll labelled XEDGHI YDYBAU.
  2878 | D:4      | 2878 ||| DRINKING 2 fuming puce potions.
  2879 | D:4      | 2879 ||| DRINKING 2 bubbling puce potions.
  2880 | D:4      | 2880 ||| READING 3 scrolls of identify.
  2880 | D:4      | 2880 ||| IDENTIFYING murky sapphire potion
  2881 | D:4      | 2881 ||| READING 2 scrolls of identify.
  2881 | D:4      | 2881 ||| IDENTIFYING black potion
  2882 | D:4      | 2882 ||| DROPPING potion of ambrosia.
  2883 | D:4      | 2883 ||| DROPPING potion of magic.
  2884 | D:4      | 2884 ||| DROPPING scroll of immolation.
  2885 | D:4      | 2885 ||| READING 3 scrolls of teleportation.
  2911 | D:5      | Entered Level 5 of the Dungeon
  2963 | D:5      | Noticed Eustachio
  2977 | D:5      | 2977 ||| Stepping ~*~*~tactically~*~*~ (outnumbered).
  2978 | D:5      | 2978 ||| Stepping ~*~*~tactically~*~*~ (outnumbered).
  2980 | D:5      | 2980 ||| Stepping ~*~*~tactically~*~*~ (outnumbered).
  2988 | D:5      | 2988 ||| INVOKING Fiery Armour.
  2988 | D:5      | Killed Eustachio
  2995 | D:5      | 2995 ||| FLEEEEING.
  2996 | D:5      | 2996 ||| FLEEEEING.
  2997 | D:5      | 2997 ||| FLEEEEING.
  2998 | D:5      | 2998 ||| FLEEEEING.
  2999 | D:5      | 2999 ||| FLEEEEING.
  3000 | D:5      | 3000 ||| FLEEEEING.
  3001 | D:5      | 3001 ||| FLEEEEING.
  3002 | D:5      | 3002 ||| FLEEEEING.
  3003 | D:5      | 3003 ||| FLEEEEING.
  3004 | D:5      | 3004 ||| FLEEEEING.
  3006 | D:5      | 3006 ||| FLEEEEING.
  3008 | D:5      | 3008 ||| FLEEEEING.
  3010 | D:5      | 3010 ||| FLEEEEING.
  3011 | D:5      | 3011 ||| STAIRDANCE
  3022 | D:4      | 3022 ||| READING scroll labelled SETIVIU KYKH.
  3025 | D:5      | 3025 ||| STAIRDANCE
  3027 | D:4      | 3027 ||| Stepping ~*~*~tactically~*~*~ (outnumbered).
  3028 | D:4      | 3028 ||| Stepping ~*~*~tactically~*~*~ (outnumbered).
  3029 | D:4      | 3029 ||| Stepping ~*~*~tactically~*~*~ (outnumbered).
  3031 | D:4      | 3031 ||| Stepping ~*~*~tactically~*~*~ (outnumbered).
  3041 | D:5      | 3041 ||| STAIRDANCE
  3043 | D:4      | 3043 ||| Stepping ~*~*~tactically~*~*~ (outnumbered).
  3044 | D:4      | 3044 ||| Stepping ~*~*~tactically~*~*~ (outnumbered).
  3064 | D:5      | 3064 ||| Stepping ~*~*~tactically~*~*~ (hiding).
  3188 | D:5      | 3188 ||| INVOKING Fiery Armour.
  3192 | D:5      | 3192 ||| Stepping ~*~*~tactically~*~*~ (outnumbered).
  3193 | D:5      | 3193 ||| Stepping ~*~*~tactically~*~*~ (outnumbered).
  3196 | D:5      | 3196 ||| Stepping ~*~*~tactically~*~*~ (outnumbered).
  3200 | D:5      | Reached skill level 1 in Dodging
  3200 | D:5      | Reached XP level 8. HP: 74/74 MP: 8/8
  3218 | D:5      | Reached skill level 7 in Unarmed Combat
  3302 | D:5      | Reached skill level 6 in Shields
  3302 | D:5      | 3302 ||| Stepping ~*~*~tactically~*~*~ (stealth).
  3303 | D:5      | 3303 ||| Stepping ~*~*~tactically~*~*~ (stealth).
  3305 | D:5      | 3305 ||| Stepping ~*~*~tactically~*~*~ (hiding).
  3309 | D:5      | 3309 ||| Stepping ~*~*~tactically~*~*~ (hiding).
  3412 | D:5      | 3412 ||| Stepping ~*~*~tactically~*~*~ (stealth).
  3445 | D:5      | 3445 ||| Stepping ~*~*~tactically~*~*~ (outnumbered).
  3470 | D:5      | 3470 ||| Stepping ~*~*~tactically~*~*~ (stealth).
  3479 | D:5      | 3479 ||| INVOKING Fiery Armour.
  3481 | D:5      | HP: 18/74 [killer bee (3)]
  3482 | D:5      | 3482 ||| READING 2 scrolls of teleportation.
  3483 | D:5      | 3483 ||| DRINKING potion of heal wounds.
  3486 | D:5      | HP: 14/74 [poisoned by a killer bee]
  3491 | D:5      | HP: 10/74 [poisoned by a killer bee]
  3559 | D:5      | 3559 ||| Stepping ~*~*~tactically~*~*~ (hiding).
  3560 | D:5      | 3560 ||| Stepping ~*~*~tactically~*~*~ (hiding).
  3560 | D:5      | Found a radiant altar of Vehumet.
  3561 | D:5      | 3561 ||| Stepping ~*~*~tactically~*~*~ (hiding).
  3570 | D:5      | Reached skill level 8 in Unarmed Combat
  3952 | D:5      | 3952 ||| DRINKING 2 yellow potions.
  3975 | D:6      | 3975 ||| STAIRDANCE
  4003 | D:6      | 4003 ||| STAIRDANCE
  4012 | D:5      | Reached skill level 3 in Fighting
  4022 | D:5      | 4022 ||| INVOKING Fiery Armour.
  4078 | D:6      | 4078 ||| Stepping ~*~*~tactically~*~*~ (outnumbered).
  4079 | D:6      | 4079 ||| Stepping ~*~*~tactically~*~*~ (outnumbered).
  4080 | D:6      | 4080 ||| Stepping ~*~*~tactically~*~*~ (outnumbered).
  4081 | D:6      | 4081 ||| Stepping ~*~*~tactically~*~*~ (outnumbered).
  4085 | D:6      | 4085 ||| Stepping ~*~*~tactically~*~*~ (outnumbered).
  4086 | D:6      | 4086 ||| Stepping ~*~*~tactically~*~*~ (outnumbered).
  4087 | D:6      | 4087 ||| Stepping ~*~*~tactically~*~*~ (outnumbered).
  4089 | D:6      | 4089 ||| Stepping ~*~*~tactically~*~*~ (outnumbered).
  4097 | D:6      | Reached skill level 9 in Unarmed Combat
  4097 | D:6      | Reached XP level 9. HP: 66/84 MP: 9/9
  4137 | D:6      | 4137 ||| Stepping ~*~*~tactically~*~*~ (stealth).
  4138 | D:6      | 4138 ||| Stepping ~*~*~tactically~*~*~ (stealth).
  4142 | D:6      | 4142 ||| Stepping ~*~*~tactically~*~*~ (stealth).
  4143 | D:6      | 4143 ||| Stepping ~*~*~tactically~*~*~ (stealth).
  4146 | D:6      | 4146 ||| Stepping ~*~*~tactically~*~*~ (outnumbered).
  4147 | D:6      | 4147 ||| Stepping ~*~*~tactically~*~*~ (outnumbered).
  4148 | D:6      | 4148 ||| STAIRDANCE
  4150 | D:5      | 4150 ||| Stepping ~*~*~tactically~*~*~ (outnumbered).
  4151 | D:5      | 4151 ||| Stepping ~*~*~tactically~*~*~ (outnumbered).
  4153 | D:5      | 4153 ||| Stepping ~*~*~tactically~*~*~ (outnumbered).
  4154 | D:5      | 4154 ||| Stepping ~*~*~tactically~*~*~ (outnumbered).
  4155 | D:5      | 4155 ||| Stepping ~*~*~tactically~*~*~ (outnumbered).
  4157 | D:5      | 4157 ||| Stepping ~*~*~tactically~*~*~ (outnumbered).
  4158 | D:5      | 4158 ||| Stepping ~*~*~tactically~*~*~ (outnumbered).
  4159 | D:5      | 4159 ||| Stepping ~*~*~tactically~*~*~ (outnumbered).
  4160 | D:5      | 4160 ||| Stepping ~*~*~tactically~*~*~ (outnumbered).
  4161 | D:5      | 4161 ||| Stepping ~*~*~tactically~*~*~ (outnumbered).
  4162 | D:5      | 4162 ||| Stepping ~*~*~tactically~*~*~ (outnumbered).
  4164 | D:5      | 4164 ||| Stepping ~*~*~tactically~*~*~ (outnumbered).
  4165 | D:5      | 4165 ||| Stepping ~*~*~tactically~*~*~ (outnumbered).
  4166 | D:5      | 4166 ||| Stepping ~*~*~tactically~*~*~ (outnumbered).
  4167 | D:5      | 4167 ||| Stepping ~*~*~tactically~*~*~ (outnumbered).
  4168 | D:5      | 4168 ||| Stepping ~*~*~tactically~*~*~ (outnumbered).
  4169 | D:5      | 4169 ||| Stepping ~*~*~tactically~*~*~ (outnumbered).
  4201 | D:6      | 4201 ||| STAIRDANCE
  4210 | D:6      | 4210 ||| STAIRDANCE
  4212 | D:5      | 4212 ||| Stepping ~*~*~tactically~*~*~ (outnumbered).
  4213 | D:5      | 4213 ||| Stepping ~*~*~tactically~*~*~ (outnumbered).
  4214 | D:5      | 4214 ||| Stepping ~*~*~tactically~*~*~ (outnumbered).
  4215 | D:5      | 4215 ||| Stepping ~*~*~tactically~*~*~ (outnumbered).
  4216 | D:5      | 4216 ||| Stepping ~*~*~tactically~*~*~ (outnumbered).
  4217 | D:5      | 4217 ||| Stepping ~*~*~tactically~*~*~ (outnumbered).
  4218 | D:5      | 4218 ||| Stepping ~*~*~tactically~*~*~ (outnumbered).
  4219 | D:5      | 4219 ||| Stepping ~*~*~tactically~*~*~ (outnumbered).
  4222 | D:5      | 4222 ||| Stepping ~*~*~tactically~*~*~ (outnumbered).
  4223 | D:5      | 4223 ||| Stepping ~*~*~tactically~*~*~ (outnumbered).
  4226 | D:5      | 4226 ||| Stepping ~*~*~tactically~*~*~ (outnumbered).
  4227 | D:5      | 4227 ||| Stepping ~*~*~tactically~*~*~ (outnumbered).
  4228 | D:5      | 4228 ||| Stepping ~*~*~tactically~*~*~ (outnumbered).
  4229 | D:5      | 4229 ||| Stepping ~*~*~tactically~*~*~ (outnumbered).
  4242 | D:5      | 4242 ||| INVOKING Fiery Armour.
  4329 | D:6      | 4329 ||| Stepping ~*~*~tactically~*~*~ (hiding).
  4330 | D:6      | 4330 ||| Stepping ~*~*~tactically~*~*~ (hiding).
  4331 | D:6      | 4331 ||| Stepping ~*~*~tactically~*~*~ (hiding).
  4333 | D:6      | 4333 ||| Stepping ~*~*~tactically~*~*~ (hiding).
  4334 | D:6      | 4334 ||| DRINKING potion of curing.
  4334 | D:6      | 4334 ||| (to cure confusion)
  4342 | D:6      | Reached skill level 10 in Unarmed Combat
  4364 | D:6      | Identified the ring "Noadeoz" {Wiz rF+ Str+4 Dex+2}
  4427 | D:6      | Found an ancient bone altar of Kikubaaqudgha.
  4427 | D:6      | Found a shadowy altar of Dithmenos.
  4560 | D:6      | 4560 ||| Stepping ~*~*~tactically~*~*~ (stealth).
  4728 | D:6      | 4728 ||| UPGRADING to ring "Noadeoz" {Wiz rF+ Str+4 Dex+2}.
  4730 | D:6      | 4730 ||| DROPPING ring of ice.
  4731 | D:6      | 4731 ||| READING 2 scrolls of identify.
  4731 | D:6      | 4731 ||| IDENTIFYING coppery potion
  4836 | D:7      | 4836 ||| FLEEEEING.
  4837 | D:7      | 4837 ||| FLEEEEING.
  4838 | D:7      | 4838 ||| INVOKING Fiery Armour.
  4852 | D:7      | HP: 21/84 [poisoned by an orc priest]
  4853 | D:7      | 4853 ||| READING 2 scrolls of teleportation.
  4857 | D:7      | HP: 21/84 [poisoned by an orc priest]
  5027 | D:7      | 5027 ||| Stepping ~*~*~tactically~*~*~ (hiding).
  5028 | D:7      | 5028 ||| Stepping ~*~*~tactically~*~*~ (hiding).
  5030 | D:7      | 5030 ||| Stepping ~*~*~tactically~*~*~ (hiding).
  5035 | D:7      | Reached skill level 3 in Throwing
  5076 | D:7      | 5076 ||| Stepping ~*~*~tactically~*~*~ (hiding).
  5082 | D:7      | 5082 ||| INVOKING Fiery Armour.
  5083 | D:7      | 5083 ||| Stepping ~*~*~tactically~*~*~ (outnumbered).
  5101 | D:7      | 5101 ||| Stepping ~*~*~tactically~*~*~ (outnumbered).
  5106 | D:7      | Reached XP level 10. HP: 92/92 MP: 10/10
  5350 | D:7      | Found a staircase to the Ecumenical Temple.
  5475 | D:7      | 5475 ||| DROPPING ring of willpower.
  5476 | D:7      | 5476 ||| READING scroll labelled PUICWI RAJA.
  5477 | D:7      | 5477 ||| DRINKING 2 fizzy dark potions.
  5478 | D:7      | 5478 ||| READING 2 scrolls of identify.
  5478 | D:7      | 5478 ||| IDENTIFYING clear potion
  5479 | D:7      | 5479 ||| DROPPING potion of flight.
  5532 | D:8      | Noticed Prince Ribbit
  5543 | D:8      | Killed Prince Ribbit
  5690 | D:8      | 5690 ||| Stepping ~*~*~tactically~*~*~ (hiding).
  5698 | D:8      | 5698 ||| Stepping ~*~*~tactically~*~*~ (outnumbered).
  5699 | D:8      | 5699 ||| INVOKING Fiery Armour.
  5702 | D:8      | 5702 ||| Stepping ~*~*~tactically~*~*~ (outnumbered).
  5704 | D:8      | Reached skill level 11 in Unarmed Combat
  5734 | D:8      | 5734 ||| FLEEEEING.
  5735 | D:8      | 5735 ||| FLEEEEING.
  5736 | D:8      | 5736 ||| FLEEEEING.
  5737 | D:8      | 5737 ||| FLEEEEING.
  5738 | D:8      | 5738 ||| FLEEEEING.
  5745 | D:8      | 5745 ||| FLEEEEING.
  5750 | D:8      | 5750 ||| FLEEEEING.
  5751 | D:8      | 5751 ||| FLEEEEING.
  5752 | D:8      | 5752 ||| FLEEEEING.
  5754 | D:8      | 5754 ||| FLEEEEING.
  5755 | D:8      | 5755 ||| FLEEEEING.
  5764 | D:8      | 5764 ||| FLEEEEING.
  5765 | D:8      | 5765 ||| FLEEEEING.
  5766 | D:8      | 5766 ||| FLEEEEING.
  5767 | D:8      | 5767 ||| FLEEEEING.
  5768 | D:8      | 5768 ||| FLEEEEING.
  5769 | D:8      | 5769 ||| FLEEEEING.
  5770 | D:8      | 5770 ||| FLEEEEING.
  5771 | D:8      | 5771 ||| FLEEEEING.
  5773 | D:8      | 5773 ||| FLEEEEING.
  5774 | D:8      | 5774 ||| FLEEEEING.
  5775 | D:8      | 5775 ||| FLEEEEING.
  5776 | D:8      | 5776 ||| Stepping ~*~*~tactically~*~*~ (hiding).
  6285 | D:8      | Noticed Maurice
  6286 | D:8      | 6286 ||| Stepping ~*~*~tactically~*~*~ (hiding).
  6388 | D:8      | 6388 ||| Stepping ~*~*~tactically~*~*~ (hiding).
  6397 | D:8      | 6397 ||| Stepping ~*~*~tactically~*~*~ (hiding).
  6410 | D:8      | 6410 ||| DRINKING potion of curing.
  6410 | D:8      | 6410 ||| (to cure confusion)
  6414 | D:8      | Killed Maurice
  6687 | D:8      | Paralysed by a hornet for 2 turns
  7125 | D:8      | 7125 ||| UPGRADING to +0 cloak.
  7130 | D:8      | 7130 ||| DROPPING ring of wizardry.
  7131 | D:8      | 7131 ||| READING 3 scrolls of identify.
  7131 | D:8      | 7131 ||| IDENTIFYING lumpy sapphire potion
  7132 | D:8      | 7132 ||| READING 2 scrolls of identify.
  7132 | D:8      | 7132 ||| IDENTIFYING bubbling ruby potion
  7133 | D:8      | 7133 ||| DROPPING potion of degeneration.
  7134 | D:8      | 7134 ||| DROPPING potion of brilliance.
  7184 | D:9      | 7184 ||| INVOKING Fiery Armour.
  7190 | D:9      | 7190 ||| Stepping ~*~*~tactically~*~*~ (outnumbered).
  7190 | D:9      | Paralysed by a hornet for 1 turns
  7191 | D:9      | Reached skill level 9 in Shields
  7193 | D:9      | 7193 ||| Stepping ~*~*~tactically~*~*~ (outnumbered).
  7194 | D:9      | 7194 ||| Stepping ~*~*~tactically~*~*~ (outnumbered).
  7196 | D:9      | 7196 ||| Stepping ~*~*~tactically~*~*~ (outnumbered).
  7304 | D:9      | Noticed Maggie
  7306 | D:9      | 7306 ||| Stepping ~*~*~tactically~*~*~ (hiding).
  7307 | D:9      | 7307 ||| Stepping ~*~*~tactically~*~*~ (hiding).
  7311 | D:9      | 7311 ||| INVOKING Fiery Armour.
  7315 | D:9      | Killed Maggie
  7316 | D:9      | 7316 ||| Stepping ~*~*~tactically~*~*~ (outnumbered).
  7317 | D:9      | 7317 ||| Stepping ~*~*~tactically~*~*~ (outnumbered).
  7318 | D:9      | 7318 ||| Stepping ~*~*~tactically~*~*~ (outnumbered).
  7319 | D:9      | 7319 ||| Stepping ~*~*~tactically~*~*~ (outnumbered).
  7320 | D:9      | 7320 ||| Stepping ~*~*~tactically~*~*~ (outnumbered).
  7321 | D:9      | 7321 ||| Stepping ~*~*~tactically~*~*~ (outnumbered).
  7322 | D:9      | 7322 ||| Stepping ~*~*~tactically~*~*~ (outnumbered).
  7324 | D:9      | 7324 ||| Stepping ~*~*~tactically~*~*~ (outnumbered).
  7325 | D:9      | 7325 ||| Stepping ~*~*~tactically~*~*~ (outnumbered).
  7326 | D:9      | 7326 ||| Stepping ~*~*~tactically~*~*~ (outnumbered).
  7327 | D:9      | 7327 ||| Stepping ~*~*~tactically~*~*~ (outnumbered).
  7328 | D:9      | 7328 ||| Stepping ~*~*~tactically~*~*~ (outnumbered).
  7338 | D:9      | Reached skill level 12 in Unarmed Combat
  7390 | D:9      | Found Kothraor's Distillery.
  7420 | D:9      | 7420 ||| PLANNING TEMPLE
  7420 | D:9      | 7420 ||| UPGRADING to +0 swamp dragon scales.
  7430 | D:9      | 7430 ||| DROPPING +0 robe.
  7431 | D:9      | 7431 ||| DRINKING 2 inky potions.
  7432 | D:9      | 7432 ||| READING 3 scrolls of identify.
  7432 | D:9      | 7432 ||| IDENTIFYING fuming ruby potion
  7433 | D:9      | 7433 ||| DROPPING potion of lignification.
  7434 | D:9      | 7434 ||| DROPPING potion of attraction.
  7492 | Temple   | Entered the Ecumenical Temple
  7531 | Temple   | 7531 ||| PLANNING CONVERSION TO OKAWARU
  7538 | Temple   | Fell from the grace of Ignis
  7538 | Temple   | Became a worshipper of Warmaster Okawaru
  7539 | Temple   | 7539 ||| PLANNING D:1-11
  7661 | D:9      | 7661 ||| BUYING potion of cancellation (120 gold).
  7661 | D:9      | Bought a potion of cancellation for 120 gold pieces
  7661 | D:9      | 7661 ||| BUYING potion of haste (150 gold).
  7661 | D:9      | Bought a potion of haste for 150 gold pieces
  7661 | D:9      | 7661 ||| BUYING potion of magic (120 gold).
  7661 | D:9      | Bought a potion of magic for 120 gold pieces
  7661 | D:9      | 7661 ||| BUYING potion of might (60 gold).
  7661 | D:9      | Bought a potion of might for 60 gold pieces
  7661 | D:9      | 7661 ||| BUYING potion of might (60 gold).
  7661 | D:9      | Bought a potion of might for 60 gold pieces
  7661 | D:9      | 7661 ||| BUYING potion of resistance (150 gold).
  7661 | D:9      | Bought a potion of resistance for 150 gold pieces
  7700 | D:9      | 7700 ||| Stepping ~*~*~tactically~*~*~ (stealth).
  7701 | D:9      | 7701 ||| Stepping ~*~*~tactically~*~*~ (stealth).
  7710 | D:9      | 7710 ||| Stepping ~*~*~tactically~*~*~ (outnumbered).
  7716 | D:9      | Reached skill level 1 in Armour
  7716 | D:9      | Reached XP level 11. HP: 99/101 MP: 11/11
  7765 | D:9      | Found a large runed translucent door.
  7766 | D:9      | Found a large runed translucent door.
  7774 | D:9      | Noticed qw's ghost (novice TeWr)
  7802 | D:9      | Found a flagged portal.
  7804 | D:9      | 7804 ||| Stepping ~*~*~tactically~*~*~ (outnumbered).
  7805 | D:9      | 7805 ||| Stepping ~*~*~tactically~*~*~ (outnumbered).
  7806 | D:9      | 7806 ||| Stepping ~*~*~tactically~*~*~ (outnumbered).
  8038 | D:9      | 8038 ||| UPGRADING to +1 hat.
  8043 | D:9      | 8043 ||| DROPPING amulet of magic regeneration.
  8044 | D:9      | 8044 ||| DROPPING amulet of faith.
  8045 | D:9      | 8045 ||| DROPPING ring of positive energy.
  8046 | D:9      | 8046 ||| READING 2 scrolls labelled GYITSAACRA.
  8047 | D:9      | 8047 ||| READING scroll of enchant armour.
  8047 | D:9      | 8047 ||| ENCHANTING +0 swamp dragon scales.
  8048 | D:9      | 8048 ||| READING scroll labelled SAEMOOZ GASMED.
  8067 | D:10     | Entered Level 10 of the Dungeon
  8130 | D:10     | 8130 ||| Stepping ~*~*~tactically~*~*~ (hiding).
  8133 | D:10     | 8133 ||| Stepping ~*~*~tactically~*~*~ (hiding).
  8134 | D:10     | 8134 ||| Stepping ~*~*~tactically~*~*~ (hiding).
  8417 | D:10     | 8417 ||| Stepping ~*~*~tactically~*~*~ (hiding).
  8420 | D:10     | 8420 ||| Stepping ~*~*~tactically~*~*~ (hiding).
  8422 | D:10     | 8422 ||| DRINKING 3 potions of curing.
  8422 | D:10     | 8422 ||| (to cure confusion)
  8518 | D:10     | Noticed a death yak
  8518 | D:10     | Noticed a death yak
  8518 | D:10     | Noticed a death yak
  8518 | D:10     | Noticed a death yak
  8519 | D:10     | Noticed a death yak
  8520 | D:10     | Noticed a death yak
  8521 | D:10     | 8521 ||| Stepping ~*~*~tactically~*~*~ (stealth).
  8525 | D:10     | 8525 ||| Stepping ~*~*~tactically~*~*~ (outnumbered).
  8526 | D:10     | 8526 ||| Stepping ~*~*~tactically~*~*~ (outnumbered).
  8527 | D:10     | 8527 ||| Stepping ~*~*~tactically~*~*~ (outnumbered).
  8528 | D:10     | 8528 ||| Stepping ~*~*~tactically~*~*~ (outnumbered).
  8528 | D:10     | Noticed a death yak
  8529 | D:10     | 8529 ||| Stepping ~*~*~tactically~*~*~ (outnumbered).
  8530 | D:10     | 8530 ||| Stepping ~*~*~tactically~*~*~ (outnumbered).
  8532 | D:10     | 8532 ||| Stepping ~*~*~tactically~*~*~ (outnumbered).
  8533 | D:10     | 8533 ||| Stepping ~*~*~tactically~*~*~ (outnumbered).
  8534 | D:10     | 8534 ||| Stepping ~*~*~tactically~*~*~ (outnumbered).
  8536 | D:10     | 8536 ||| Stepping ~*~*~tactically~*~*~ (outnumbered).
  8537 | D:10     | 8537 ||| Stepping ~*~*~tactically~*~*~ (outnumbered).
  8537 | D:10     | Noticed a death yak
  8538 | D:10     | 8538 ||| Stepping ~*~*~tactically~*~*~ (stealth).
  8539 | D:10     | 8539 ||| Stepping ~*~*~tactically~*~*~ (outnumbered).
  8541 | D:10     | 8541 ||| Stepping ~*~*~tactically~*~*~ (stealth).
  8542 | D:10     | 8542 ||| STAIRDANCE
  8544 | D:9      | Killed a death yak
  8544 | D:9      | Reached * piety under Okawaru
  8614 | D:10     | Found a staircase to the Lair.
  8615 | D:10     | 8615 ||| Stepping ~*~*~tactically~*~*~ (hiding).
  8616 | D:10     | 8616 ||| Stepping ~*~*~tactically~*~*~ (hiding).
  8618 | D:10     | 8618 ||| Stepping ~*~*~tactically~*~*~ (hiding).
  8689 | D:10     | 8689 ||| INVOKING Heroism.
  8771 | D:10     | Noticed Erolcha
  8772 | D:10     | 8772 ||| INVOKING Heroism.
  8777 | D:10     | Killed Erolcha
  8778 | D:10     | Reached skill level 1 in Invocations
  8996 | D:10     | 8996 ||| Stepping ~*~*~tactically~*~*~ (stealth).
  9000 | D:10     | 9000 ||| INVOKING Heroism.
  9007 | D:10     | 9007 ||| Stepping ~*~*~tactically~*~*~ (stealth).
  9014 | D:10     | Killed a death yak
  9014 | D:10     | Reached ** piety under Okawaru
  9015 | D:10     | 9015 ||| INVOKING Heroism.
  9019 | D:10     | Killed a death yak
  9020 | D:10     | HP: 15/102 [death yak (18)]
  9021 | D:10     | 9021 ||| READING 2 scrolls of teleportation.
  9021 | D:10     | HP: 6/102 [death yak (3)]
  9022 | D:10     | 9022 ||| DRINKING 2 potions of heal wounds.
  9023 | D:10     | 9023 ||| DRINKING potion of heal wounds.
  9160 | D:10     | 9160 ||| Stepping ~*~*~tactically~*~*~ (stealth).
  9162 | D:10     | 9162 ||| INVOKING Heroism.
  9163 | D:10     | 9163 ||| Stepping ~*~*~tactically~*~*~ (outnumbered).
  9165 | D:10     | 9165 ||| Stepping ~*~*~tactically~*~*~ (outnumbered).
  9166 | D:10     | 9166 ||| Stepping ~*~*~tactically~*~*~ (outnumbered).
  9168 | D:10     | Killed a death yak
  9169 | D:10     | Reached skill level 3 in Invocations
  9170 | D:10     | 9170 ||| Stepping ~*~*~tactically~*~*~ (outnumbered).
  9172 | D:10     | 9172 ||| Stepping ~*~*~tactically~*~*~ (outnumbered).
  9173 | D:10     | 9173 ||| Stepping ~*~*~tactically~*~*~ (outnumbered).
  9174 | D:10     | 9174 ||| Stepping ~*~*~tactically~*~*~ (outnumbered).
  9175 | D:10     | 9175 ||| Stepping ~*~*~tactically~*~*~ (outnumbered).
  9176 | D:10     | 9176 ||| Stepping ~*~*~tactically~*~*~ (outnumbered).
  9177 | D:10     | 9177 ||| Stepping ~*~*~tactically~*~*~ (outnumbered).
  9181 | D:10     | 9181 ||| INVOKING Heroism.
  9182 | D:10     | 9182 ||| Stepping ~*~*~tactically~*~*~ (outnumbered).
  9188 | D:10     | Killed a death yak
  9189 | D:10     | Reached skill level 13 in Unarmed Combat
  9196 | D:10     | Killed a death yak
  9201 | D:10     | Killed a death yak
  9201 | D:10     | Reached *** piety under Okawaru
  9209 | D:10     | Killed a death yak
  9236 | D:10     | 9236 ||| INVOKING Heroism.
  9304 | D:10     | 9304 ||| PLANNING LAIR
  9304 | D:10     | 9304 ||| READING 6 scrolls of identify.
  9304 | D:10     | 9304 ||| IDENTIFYING bubbling purple potion
  9305 | D:10     | 9305 ||| DROPPING potion of berserk rage.
  9332 | Lair:1   | Entered Level 1 of the Lair of Beasts
  9399 | Lair:1   | 9399 ||| INVOKING Heroism.
  9418 | Lair:1   | 9418 ||| Stepping ~*~*~tactically~*~*~ (stealth).
  9419 | Lair:1   | 9419 ||| INVOKING Heroism.
  9420 | Lair:1   | 9420 ||| Stepping ~*~*~tactically~*~*~ (stealth).
  9433 | Lair:1   | 9433 ||| Stepping ~*~*~tactically~*~*~ (outnumbered).
  9435 | Lair:1   | 9435 ||| INVOKING Heroism.
  9526 | Lair:1   | 9526 ||| INVOKING Heroism.
  9533 | Lair:1   | Reached **** piety under Okawaru
  9533 | Lair:1   | Received a gift from Okawaru
  9551 | Lair:1   | Noticed a boulder beetle
  9552 | Lair:1   | 9552 ||| INVOKING Heroism.
  9555 | Lair:1   | 9555 ||| Stepping ~*~*~tactically~*~*~ (stealth).
  9563 | Lair:1   | Killed a boulder beetle
  9564 | Lair:1   | Reached XP level 12. HP: 106/111 MP: 12/14
  9568 | Lair:1   | 9568 ||| Stepping ~*~*~tactically~*~*~ (outnumbered).
  9569 | Lair:1   | 9569 ||| Stepping ~*~*~tactically~*~*~ (outnumbered).
  9570 | Lair:1   | 9570 ||| Stepping ~*~*~tactically~*~*~ (outnumbered).
  9574 | Lair:1   | 9574 ||| Stepping ~*~*~tactically~*~*~ (outnumbered).
  9580 | Lair:1   | Reached skill level 14 in Unarmed Combat
  9712 | Lair:1   | 9712 ||| Stepping ~*~*~tactically~*~*~ (stealth).
  9714 | Lair:1   | 9714 ||| Stepping ~*~*~tactically~*~*~ (stealth).
  9717 | Lair:1   | 9717 ||| INVOKING Heroism.
  9719 | Lair:1   | 9719 ||| Stepping ~*~*~tactically~*~*~ (stealth).
  9740 | Lair:1   | 9740 ||| Stepping ~*~*~tactically~*~*~ (outnumbered).
  9741 | Lair:1   | 9741 ||| Stepping ~*~*~tactically~*~*~ (outnumbered).
  9742 | Lair:1   | 9742 ||| INVOKING Heroism.
  9747 | Lair:1   | Reached skill level 3 in Armour
  9887 | Lair:1   | You fall into a shaft and drop 1 floor!
  9888 | Lair:2   | 9888 ||| INVOKING Heroism.
  9902 | Lair:2   | Reached skill level 6 in Invocations
  9912 | Lair:2   | 9912 ||| INVOKING Heroism.
  9921 | Lair:2   | Reached ***** piety under Okawaru
 10076 | Lair:1   | Found a dark tunnel.
 10090 | Lair:1   | You fall into a shaft and drop 1 floor!
 10111 | Lair:2   | You fall into a shaft and drop 1 floor!
 10112 | Lair:3   | 10112 ||| INVOKING Heroism.
 10120 | Lair:3   | 10120 ||| Stepping ~*~*~tactically~*~*~ (outnumbered).
 10123 | Lair:3   | 10123 ||| Stepping ~*~*~tactically~*~*~ (outnumbered).
 10125 | Lair:3   | 10125 ||| Stepping ~*~*~tactically~*~*~ (outnumbered).
 10126 | Lair:3   | 10126 ||| Stepping ~*~*~tactically~*~*~ (outnumbered).
 10128 | Lair:3   | 10128 ||| Stepping ~*~*~tactically~*~*~ (outnumbered).
 10138 | Lair:3   | Reached skill level 6 in Fighting
 10151 | Lair:3   | 10151 ||| INVOKING Heroism.
 10152 | Lair:3   | 10152 ||| Stepping ~*~*~tactically~*~*~ (outnumbered).
 10157 | Lair:3   | 10157 ||| Stepping ~*~*~tactically~*~*~ (outnumbered).
 10158 | Lair:3   | 10158 ||| Stepping ~*~*~tactically~*~*~ (outnumbered).
 10163 | Lair:3   | 10163 ||| Stepping ~*~*~tactically~*~*~ (outnumbered).
 10241 | Lair:2   | Was forgiven by Ignis
 10796 | Lair:2   | 10796 ||| INVOKING Heroism.
 10801 | Lair:2   | 10801 ||| Stepping ~*~*~tactically~*~*~ (outnumbered).
 10813 | Lair:2   | Reached skill level 3 in Dodging
 10885 | Lair:2   | 10885 ||| INVOKING Heroism.
 10886 | Lair:2   | Found a staircase to the Swamp.
 10888 | Lair:2   | 10888 ||| Stepping ~*~*~tactically~*~*~ (outnumbered).
 10889 | Lair:2   | 10889 ||| Stepping ~*~*~tactically~*~*~ (outnumbered).
 10890 | Lair:2   | 10890 ||| Stepping ~*~*~tactically~*~*~ (outnumbered).
 10892 | Lair:2   | 10892 ||| Stepping ~*~*~tactically~*~*~ (stealth).
 10894 | Lair:2   | 10894 ||| Stepping ~*~*~tactically~*~*~ (outnumbered).
 10895 | Lair:2   | 10895 ||| Stepping ~*~*~tactically~*~*~ (outnumbered).
 10896 | Lair:2   | 10896 ||| Stepping ~*~*~tactically~*~*~ (outnumbered).
 10897 | Lair:2   | 10897 ||| Stepping ~*~*~tactically~*~*~ (outnumbered).
 10898 | Lair:2   | 10898 ||| Stepping ~*~*~tactically~*~*~ (outnumbered).
 10900 | Lair:2   | 10900 ||| Stepping ~*~*~tactically~*~*~ (outnumbered).
 10901 | Lair:2   | 10901 ||| Stepping ~*~*~tactically~*~*~ (outnumbered).
 10902 | Lair:2   | 10902 ||| Stepping ~*~*~tactically~*~*~ (outnumbered).
 10903 | Lair:2   | 10903 ||| Stepping ~*~*~tactically~*~*~ (outnumbered).
 11432 | Lair:3   | 11432 ||| Stepping ~*~*~tactically~*~*~ (outnumbered).
 11433 | Lair:3   | 11433 ||| Stepping ~*~*~tactically~*~*~ (outnumbered).
 11434 | Lair:3   | 11434 ||| Stepping ~*~*~tactically~*~*~ (outnumbered).
 11435 | Lair:3   | 11435 ||| Stepping ~*~*~tactically~*~*~ (outnumbered).
 11436 | Lair:3   | 11436 ||| Stepping ~*~*~tactically~*~*~ (hiding).
 11438 | Lair:3   | 11438 ||| Stepping ~*~*~tactically~*~*~ (hiding).
 11440 | Lair:3   | 11440 ||| Stepping ~*~*~tactically~*~*~ (outnumbered).
 11443 | Lair:3   | 11443 ||| INVOKING Heroism.
 11448 | Lair:3   | Received a gift from Okawaru
 11630 | Lair:3   | 11630 ||| Stepping ~*~*~tactically~*~*~ (stealth).
 11642 | Lair:3   | Noticed Gastronok
 11643 | Lair:3   | 11643 ||| INVOKING Heroism.
 11655 | Lair:3   | Killed Gastronok
 11665 | Lair:3   | 11665 ||| Stepping ~*~*~tactically~*~*~ (outnumbered).
 11666 | Lair:3   | 11666 ||| INVOKING Heroism.
 11679 | Lair:3   | Reached XP level 13. HP: 86/120 MP: 16/18
 11750 | Lair:3   | Found a staircase to the Snake Pit.
 11754 | Lair:3   | 11754 ||| INVOKING Heroism.
 11901 | Lair:3   | 11901 ||| INVOKING Heroism.
 11902 | Lair:3   | 11902 ||| Stepping ~*~*~tactically~*~*~ (stealth).
 11904 | Lair:3   | 11904 ||| Stepping ~*~*~tactically~*~*~ (stealth).
 11909 | Lair:3   | 11909 ||| Stepping ~*~*~tactically~*~*~ (stealth).
 11913 | Lair:3   | 11913 ||| Stepping ~*~*~tactically~*~*~ (outnumbered).
 11915 | Lair:3   | 11915 ||| INVOKING Heroism.
 12409 | Lair:3   | 12409 ||| DROPPING +2 animal skin.
 12591 | Lair:4   | Found a staircase to the Slime Pits.
 12594 | Lair:4   | Found a viscous altar of Jiyva.
 12727 | Lair:4   | 12727 ||| INVOKING Heroism.
 12728 | Lair:4   | 12728 ||| INVOKING Finesse.
 12784 | Lair:4   | Found a runed translucent door.
 12787 | Lair:4   | Noticed qw's ghost (journeyman TrCA)
 12856 | Lair:4   | 12856 ||| Stepping ~*~*~tactically~*~*~ (outnumbered).
 12860 | Lair:4   | 12860 ||| Stepping ~*~*~tactically~*~*~ (outnumbered).
 12861 | Lair:4   | 12861 ||| INVOKING Heroism.
 12862 | Lair:4   | 12862 ||| Stepping ~*~*~tactically~*~*~ (outnumbered).
 12863 | Lair:4   | 12863 ||| Stepping ~*~*~tactically~*~*~ (outnumbered).
 12865 | Lair:4   | 12865 ||| Stepping ~*~*~tactically~*~*~ (outnumbered).
 12869 | Lair:4   | 12869 ||| Stepping ~*~*~tactically~*~*~ (outnumbered).
 12871 | Lair:4   | 12871 ||| Stepping ~*~*~tactically~*~*~ (outnumbered).
 12872 | Lair:4   | 12872 ||| Stepping ~*~*~tactically~*~*~ (outnumbered).
 12873 | Lair:4   | 12873 ||| Stepping ~*~*~tactically~*~*~ (outnumbered).
 12883 | Lair:4   | Reached skill level 9 in Invocations
 12904 | Lair:4   | 12904 ||| Stepping ~*~*~tactically~*~*~ (stealth).
 12906 | Lair:4   | 12906 ||| Stepping ~*~*~tactically~*~*~ (stealth).
 12911 | Lair:4   | 12911 ||| Stepping ~*~*~tactically~*~*~ (outnumbered).
 12918 | Lair:4   | 12918 ||| Stepping ~*~*~tactically~*~*~ (outnumbered).
 12919 | Lair:4   | 12919 ||| Stepping ~*~*~tactically~*~*~ (outnumbered).
 12920 | Lair:4   | 12920 ||| Stepping ~*~*~tactically~*~*~ (outnumbered).
 12931 | Lair:4   | Reached skill level 15 in Unarmed Combat
 13023 | Lair:4   | Received a gift from Okawaru
 13025 | Lair:4   | 13025 ||| READING scroll of enchant armour.
 13025 | Lair:4   | 13025 ||| ENCHANTING +1 swamp dragon scales.
 13105 | Lair:4   | 13105 ||| READING scroll of acquirement.
 13105 | Lair:4   | 13105 ||| ACQUIRING 1049 gold pieces
 13105 | Lair:4   | Acquired 1049 gold pieces
 13447 | Lair:4   | 13447 ||| READING 3 scrolls of teleportation.
 13542 | Lair:5   | Entered Level 5 of the Lair of Beasts
 13543 | Lair:5   | 13543 ||| INVOKING Heroism.
 13545 | Lair:5   | 13545 ||| STAIRDANCE
 13640 | Lair:5   | 13640 ||| STAIRDANCE
 13727 | Lair:5   | 13727 ||| STAIRDANCE
 13814 | Lair:5   | 13814 ||| STAIRDANCE
 13902 | Lair:5   | 13902 ||| STAIRDANCE
 13997 | Lair:5   | 13997 ||| STAIRDANCE
 14074 | Lair:5   | 14074 ||| STAIRDANCE
 14149 | Lair:5   | 14149 ||| STAIRDANCE
 14227 | Lair:5   | 14227 ||| STAIRDANCE
 14241 | Lair:4   | Received a gift from Okawaru
 14361 | Lair:5   | 14361 ||| Stepping ~*~*~tactically~*~*~ (stealth).
 14368 | Lair:5   | 14368 ||| INVOKING Heroism.
 14376 | Lair:5   | 14376 ||| DRINKING 3 potions of cancellation.
 14488 | Lair:5   | 14488 ||| FLEEEEING.
 14490 | Lair:5   | 14490 ||| FLEEEEING.
 14492 | Lair:5   | 14492 ||| INVOKING Heroism.
 14505 | Lair:5   | 14505 ||| Stepping ~*~*~tactically~*~*~ (stealth).
 14507 | Lair:5   | 14507 ||| Stepping ~*~*~tactically~*~*~ (stealth).
 14509 | Lair:5   | 14509 ||| Stepping ~*~*~tactically~*~*~ (stealth).
 14522 | Lair:5   | 14522 ||| Stepping ~*~*~tactically~*~*~ (stealth).
 14538 | Lair:5   | 14538 ||| INVOKING Heroism.
 14637 | Lair:5   | 14637 ||| READING scroll of acquirement.
 14637 | Lair:5   | 14637 ||| ACQUIRING ring of protection from fire
 14637 | Lair:5   | Acquired a ring of protection from fire
 14654 | Lair:5   | Received a gift from Okawaru
 14702 | Lair:5   | 14702 ||| Stepping ~*~*~tactically~*~*~ (outnumbered).
 14703 | Lair:5   | 14703 ||| Stepping ~*~*~tactically~*~*~ (outnumbered).
 14705 | Lair:5   | 14705 ||| Stepping ~*~*~tactically~*~*~ (outnumbered).
 14713 | Lair:5   | 14713 ||| INVOKING Heroism.
 14714 | Lair:5   | 14714 ||| INVOKING Finesse.
 14783 | Lair:5   | 14783 ||| INVOKING Heroism.
 14815 | Lair:5   | 14815 ||| Stepping ~*~*~tactically~*~*~ (outnumbered).
 14843 | Lair:5   | 14843 ||| Stepping ~*~*~tactically~*~*~ (hiding).
 14847 | Lair:5   | 14847 ||| INVOKING Heroism.
 14865 | Lair:5   | 14865 ||| Stepping ~*~*~tactically~*~*~ (outnumbered).
 14886 | Lair:5   | HP: 26/120 [ynoxinul/iron shot (22)]
 14887 | Lair:5   | 14887 ||| READING 2 scrolls of teleportation.
 14888 | Lair:5   | 14888 ||| DRINKING 2 potions of heal wounds.
 14891 | Lair:5   | 14891 ||| FLEEEEING.
 14892 | Lair:5   | 14892 ||| FLEEEEING.
 14893 | Lair:5   | 14893 ||| FLEEEEING.
 14894 | Lair:5   | 14894 ||| FLEEEEING.
 14895 | Lair:5   | 14895 ||| FLEEEEING.
 14896 | Lair:5   | 14896 ||| FLEEEEING.
 14897 | Lair:5   | 14897 ||| FLEEEEING.
 14898 | Lair:5   | 14898 ||| FLEEEEING.
 14899 | Lair:5   | 14899 ||| STAIRDANCE
 15003 | Lair:4   | 15003 ||| UPGRADING to amulet of reflection.
 15077 | Lair:5   | 15077 ||| INVOKING Heroism.
 15078 | Lair:5   | 15078 ||| INVOKING Finesse.
 15170 | Lair:5   | 15170 ||| INVOKING Heroism.
 15177 | Lair:5   | Received a gift from Okawaru
 15236 | Lair:5   | 15236 ||| INVOKING Heroism.
 15242 | Lair:5   | 15242 ||| Stepping ~*~*~tactically~*~*~ (outnumbered).
 15248 | Lair:5   | Reached XP level 14. HP: 130/130 MP: 18/20
 15252 | Lair:5   | Reached skill level 16 in Unarmed Combat
 15388 | Lair:5   | 15388 ||| Stepping ~*~*~tactically~*~*~ (hiding).
 15449 | Lair:5   | 15449 ||| Stepping ~*~*~tactically~*~*~ (stealth).
 15483 | Lair:5   | Received a gift from Okawaru
 15488 | Lair:5   | 15488 ||| Stepping ~*~*~tactically~*~*~ (outnumbered).
 15489 | Lair:5   | 15489 ||| Stepping ~*~*~tactically~*~*~ (outnumbered).
 15490 | Lair:5   | 15490 ||| Stepping ~*~*~tactically~*~*~ (outnumbered).
 15499 | Lair:5   | 15499 ||| Stepping ~*~*~tactically~*~*~ (stealth).
 15503 | Lair:5   | 15503 ||| Stepping ~*~*~tactically~*~*~ (stealth).
 15519 | Lair:5   | 15519 ||| Stepping ~*~*~tactically~*~*~ (stealth).
 15726 | Lair:5   | 15726 ||| INVOKING Heroism.
 15731 | Lair:5   | 15731 ||| Stepping ~*~*~tactically~*~*~ (outnumbered).
 15747 | Lair:5   | 15747 ||| Stepping ~*~*~tactically~*~*~ (outnumbered).
 15757 | Lair:5   | Found a corrupted altar of Lugonu.
 15757 | Lair:5   | Found a one-way gate to the infinite horrors of the Abyss.
 15861 | Lair:5   | 15861 ||| DRINKING 3 potions of cancellation.
 15898 | Lair:5   | Noticed Josephine
 15899 | Lair:5   | 15899 ||| Stepping ~*~*~tactically~*~*~ (hiding).
 15911 | Lair:5   | Killed Josephine
 16097 | Lair:5   | 16097 ||| INVOKING Heroism.
 16113 | Lair:5   | Received a gift from Okawaru
 16261 | Lair:5   | Identified the +1 shortbow "Giheyg" {freeze, rC+ SInv}
 16268 | Lair:5   | 16268 ||| Stepping ~*~*~tactically~*~*~ (hiding).
 16403 | Lair:5   | 16403 ||| PLANNING D:1-11
 16503 | D:11     | 16503 ||| STAIRDANCE
 16520 | D:11     | 16520 ||| STAIRDANCE
 16563 | D:11     | 16563 ||| INVOKING Heroism.
 16564 | D:11     | 16564 ||| Stepping ~*~*~tactically~*~*~ (outnumbered).
 16606 | D:11     | Identified the +1 robe "Fofoen" {rPois rF+ Str+5}
 16669 | D:11     | 16669 ||| INVOKING Heroism.
 16677 | D:11     | 16677 ||| Stepping ~*~*~tactically~*~*~ (outnumbered).
 16678 | D:11     | 16678 ||| Stepping ~*~*~tactically~*~*~ (outnumbered).
 16679 | D:11     | 16679 ||| Stepping ~*~*~tactically~*~*~ (outnumbered).
 16680 | D:11     | 16680 ||| Stepping ~*~*~tactically~*~*~ (outnumbered).
 16821 | D:11     | 16821 ||| INVOKING Heroism.
 16839 | D:11     | 16839 ||| Stepping ~*~*~tactically~*~*~ (outnumbered).
 16840 | D:11     | 16840 ||| Stepping ~*~*~tactically~*~*~ (outnumbered).
 16841 | D:11     | 16841 ||| Stepping ~*~*~tactically~*~*~ (outnumbered).
 16842 | D:11     | 16842 ||| Stepping ~*~*~tactically~*~*~ (outnumbered).
 16901 | D:11     | 16901 ||| INVOKING Heroism.
 16902 | D:11     | 16902 ||| INVOKING Finesse.
 16907 | D:11     | Received a gift from Okawaru
 16910 | D:11     | 16910 ||| Stepping ~*~*~tactically~*~*~ (stealth).
 16938 | D:11     | 16938 ||| Stepping ~*~*~tactically~*~*~ (stealth).
 16938 | D:11     | You fall into a shaft and drop 3 floors!
 16980 | D:14     | Found a radiant altar of Vehumet.
 17001 | D:14     | 17001 ||| INVOKING Heroism.
 17007 | D:14     | 17007 ||| Stepping ~*~*~tactically~*~*~ (outnumbered).
 17015 | D:14     | 17015 ||| Stepping ~*~*~tactically~*~*~ (outnumbered).
 17016 | D:14     | 17016 ||| Stepping ~*~*~tactically~*~*~ (outnumbered).
 17021 | D:14     | 17021 ||| Stepping ~*~*~tactically~*~*~ (outnumbered).
 17022 | D:14     | 17022 ||| Stepping ~*~*~tactically~*~*~ (outnumbered).
 17023 | D:14     | 17023 ||| Stepping ~*~*~tactically~*~*~ (outnumbered).
 17024 | D:14     | 17024 ||| Stepping ~*~*~tactically~*~*~ (outnumbered).
 17025 | D:14     | 17025 ||| Stepping ~*~*~tactically~*~*~ (outnumbered).
 17045 | D:14     | Reached skill level 17 in Unarmed Combat
 17069 | D:14     | 17069 ||| DROPPING ring of see invisible.
 17143 | D:13     | 17143 ||| INVOKING Heroism.
 17166 | D:13     | 17166 ||| Stepping ~*~*~tactically~*~*~ (outnumbered).
 17171 | D:13     | 17171 ||| Stepping ~*~*~tactically~*~*~ (outnumbered).
 17180 | D:13     | 17180 ||| Stepping ~*~*~tactically~*~*~ (outnumbered).
 17190 | D:13     | 17190 ||| Stepping ~*~*~tactically~*~*~ (outnumbered).
 17195 | D:13     | 17195 ||| Stepping ~*~*~tactically~*~*~ (outnumbered).
 17354 | D:13     | Reached skill level 6 in Throwing
 17507 | D:13     | 17507 ||| Stepping ~*~*~tactically~*~*~ (hiding).
 17658 | D:13     | 17658 ||| INVOKING Heroism.
 17659 | D:13     | 17659 ||| INVOKING Finesse.
 17757 | D:13     | 17757 ||| Stepping ~*~*~tactically~*~*~ (hiding).
 17875 | D:13     | 17875 ||| READING 3 scrolls labelled LIRUCZ GAORPHI.
 17876 | D:13     | 17876 ||| DROPPING 2 scrolls of blinking.
 17886 | D:12     | 17886 ||| INVOKING Heroism.
 17890 | D:12     | 17890 ||| Stepping ~*~*~tactically~*~*~ (stealth).
 17895 | D:12     | 17895 ||| Stepping ~*~*~tactically~*~*~ (outnumbered).
 17899 | D:12     | 17899 ||| READING 4 scrolls of teleportation.
 17958 | D:12     | 17958 ||| Stepping ~*~*~tactically~*~*~ (outnumbered).
 17959 | D:12     | Received a gift from Okawaru
 17982 | D:12     | 17982 ||| Stepping randomly (disturbance).
 18025 | D:12     | 18025 ||| INVOKING Heroism.
 18026 | D:12     | 18026 ||| INVOKING Finesse.
 18092 | D:12     | 18092 ||| Stepping ~*~*~tactically~*~*~ (stealth).
 18098 | D:12     | 18098 ||| INVOKING Heroism.
 18099 | D:12     | 18099 ||| Stepping ~*~*~tactically~*~*~ (stealth).
 18160 | D:12     | 18160 ||| Stepping ~*~*~tactically~*~*~ (stealth).
 18190 | D:12     | 18190 ||| Stepping ~*~*~tactically~*~*~ (hiding).
 18193 | D:12     | 18193 ||| Stepping ~*~*~tactically~*~*~ (hiding).
 18196 | D:12     | 18196 ||| INVOKING Heroism.
 18201 | D:12     | Received a gift from Okawaru
 18202 | D:12     | 18202 ||| Stepping ~*~*~tactically~*~*~ (cloud).
 18385 | D:11     | 18385 ||| Stepping ~*~*~tactically~*~*~ (stealth).
 18387 | D:11     | 18387 ||| Stepping ~*~*~tactically~*~*~ (stealth).
 18388 | D:11     | 18388 ||| Stepping ~*~*~tactically~*~*~ (stealth).
 18389 | D:11     | 18389 ||| Stepping ~*~*~tactically~*~*~ (stealth).
 18390 | D:11     | 18390 ||| INVOKING Heroism.
 18391 | D:11     | 18391 ||| Stepping ~*~*~tactically~*~*~ (stealth).
 18392 | D:11     | 18392 ||| Stepping ~*~*~tactically~*~*~ (stealth).
 18400 | D:11     | 18400 ||| Stepping ~*~*~tactically~*~*~ (outnumbered).
 18406 | D:11     | Received a gift from Okawaru
 18543 | D:11     | 18543 ||| PLANNING D
 18635 | D:12     | Found a sparkling altar of Nemelex Xobeh.
 18825 | D:12     | Found a staircase to the Orcish Mines.
 18889 | D:12     | 18889 ||| DROPPING amulet of the acrobat.
 18952 | D:13     | Found the macabre finger necklace {rN+}
 18995 | D:13     | Found a gate to the Vaults.
 19171 | D:13     | 19171 ||| READING 3 scrolls of teleportation.
 19172 | D:13     | 19172 ||| STAIRDANCE
 19240 | D:13     | 19240 ||| INVOKING Heroism.
 19243 | D:13     | 19243 ||| STAIRDANCE
 19275 | D:14     | Found Beitsoer's Weapon Shop.
 19328 | D:14     | 19328 ||| INVOKING Heroism.
 19416 | D:14     | 19416 ||| Stepping ~*~*~tactically~*~*~ (hiding).
 19534 | D:14     | 19534 ||| INVOKING Heroism.
 19770 | D:15     | Entered Level 15 of the Dungeon
 19827 | D:15     | 19827 ||| INVOKING Heroism.
 19834 | D:15     | 19834 ||| Stepping ~*~*~tactically~*~*~ (outnumbered).
 19835 | D:15     | 19835 ||| Stepping ~*~*~tactically~*~*~ (stealth).
 19847 | D:15     | Received a gift from Okawaru
 19848 | D:15     | Reached XP level 15. HP: 103/140 MP: 21/21
 19858 | D:15     | Reached skill level 18 in Unarmed Combat
 19930 | D:15     | 19930 ||| INVOKING Heroism.
 19933 | D:15     | 19933 ||| Stepping ~*~*~tactically~*~*~ (outnumbered).
 19936 | D:15     | 19936 ||| Stepping ~*~*~tactically~*~*~ (outnumbered).
 19937 | D:15     | 19937 ||| Stepping ~*~*~tactically~*~*~ (outnumbered).
 19938 | D:15     | 19938 ||| Stepping ~*~*~tactically~*~*~ (outnumbered).
 19942 | D:15     | 19942 ||| Stepping ~*~*~tactically~*~*~ (outnumbered).
 19945 | D:15     | 19945 ||| Stepping ~*~*~tactically~*~*~ (outnumbered).
 19946 | D:15     | 19946 ||| Stepping ~*~*~tactically~*~*~ (outnumbered).
 20061 | D:15     | Identified Roxanne's Octavo of Shapeshifting
 20061 | D:15     | Noticed Roxanne
 20062 | D:15     | 20062 ||| INVOKING Heroism.
 20063 | D:15     | 20063 ||| INVOKING Finesse.
 20076 | D:15     | Killed Roxanne
 20222 | D:15     | 20222 ||| Stepping ~*~*~tactically~*~*~ (outnumbered).
 20223 | D:15     | 20223 ||| Stepping ~*~*~tactically~*~*~ (outnumbered).
 20236 | D:15     | Received a gift from Okawaru
 20236 | D:15     | Found the +1 robe of Vines {NoPotionHeal Regen++++}
 20461 | D:15     | 20461 ||| Stepping ~*~*~tactically~*~*~ (outnumbered).
 20470 | D:15     | 20470 ||| INVOKING Heroism.
 20506 | D:15     | 20506 ||| Stepping ~*~*~tactically~*~*~ (hiding).
 20512 | D:15     | 20512 ||| INVOKING Heroism.
 20519 | D:15     | 20519 ||| Stepping ~*~*~tactically~*~*~ (hiding).
 20587 | D:15     | Found a staircase to the Depths.
 20756 | D:15     | 20756 ||| PLANNING ORC
 20756 | D:15     | 20756 ||| DROPPING ring of resist corrosion.
 20833 | Orc:1    | Entered Level 1 of the Orcish Mines
 20844 | Orc:1    | Noticed Snorg
 20845 | Orc:1    | 20845 ||| INVOKING Finesse.
 20854 | Orc:1    | 20854 ||| INVOKING Heroism.
 20855 | Orc:1    | Killed Snorg
 21015 | Orc:1    | 21015 ||| Stepping ~*~*~tactically~*~*~ (outnumbered).
 21125 | Orc:1    | 21125 ||| Stepping ~*~*~tactically~*~*~ (stealth).
 21126 | Orc:1    | 21126 ||| Stepping ~*~*~tactically~*~*~ (stealth).
 21127 | Orc:1    | 21127 ||| Stepping ~*~*~tactically~*~*~ (stealth).
 21366 | Orc:2    | Entered Level 2 of the Orcish Mines
 21401 | Orc:2    | 21401 ||| Stepping ~*~*~tactically~*~*~ (stealth).
 21404 | Orc:2    | 21404 ||| Stepping ~*~*~tactically~*~*~ (hiding).
 21405 | Orc:2    | 21405 ||| Stepping ~*~*~tactically~*~*~ (stealth).
 21422 | Orc:2    | 21422 ||| INVOKING Heroism.
 21432 | Orc:2    | 21432 ||| Stepping ~*~*~tactically~*~*~ (outnumbered).
 21433 | Orc:2    | 21433 ||| Stepping ~*~*~tactically~*~*~ (outnumbered).
 21434 | Orc:2    | 21434 ||| Stepping ~*~*~tactically~*~*~ (outnumbered).
 21435 | Orc:2    | 21435 ||| Stepping ~*~*~tactically~*~*~ (outnumbered).
 21439 | Orc:2    | 21439 ||| Stepping ~*~*~tactically~*~*~ (outnumbered).
 21467 | Orc:2    | 21467 ||| Stepping ~*~*~tactically~*~*~ (outnumbered).
 21473 | Orc:2    | 21473 ||| Stepping ~*~*~tactically~*~*~ (outnumbered).
 21548 | Orc:2    | Reached skill level 12 in Shields
 21551 | Orc:2    | 21551 ||| Stepping ~*~*~tactically~*~*~ (hiding).
 21556 | Orc:2    | 21556 ||| INVOKING Heroism.
 21558 | Orc:2    | 21558 ||| Stepping ~*~*~tactically~*~*~ (outnumbered).
 21559 | Orc:2    | 21559 ||| Stepping ~*~*~tactically~*~*~ (outnumbered).
 21560 | Orc:2    | 21560 ||| Stepping ~*~*~tactically~*~*~ (outnumbered).
 21561 | Orc:2    | 21561 ||| Stepping ~*~*~tactically~*~*~ (outnumbered).
 21562 | Orc:2    | 21562 ||| Stepping ~*~*~tactically~*~*~ (outnumbered).
 21605 | Orc:2    | 21605 ||| INVOKING Heroism.
 21612 | Orc:2    | 21612 ||| Stepping ~*~*~tactically~*~*~ (outnumbered).
 21613 | Orc:2    | 21613 ||| Stepping ~*~*~tactically~*~*~ (outnumbered).
 21614 | Orc:2    | 21614 ||| Stepping ~*~*~tactically~*~*~ (outnumbered).
 21615 | Orc:2    | 21615 ||| Stepping ~*~*~tactically~*~*~ (outnumbered).
 21616 | Orc:2    | 21616 ||| Stepping ~*~*~tactically~*~*~ (outnumbered).
 21618 | Orc:2    | 21618 ||| Stepping ~*~*~tactically~*~*~ (outnumbered).
 21704 | Orc:2    | 21704 ||| Stepping ~*~*~tactically~*~*~ (stealth).
 21705 | Orc:2    | 21705 ||| INVOKING Heroism.
 21706 | Orc:2    | 21706 ||| Stepping ~*~*~tactically~*~*~ (stealth).
 21711 | Orc:2    | 21711 ||| Stepping ~*~*~tactically~*~*~ (outnumbered).
 21728 | Orc:2    | HP: 33/143 [something/bolt of magma (17)]
 21729 | Orc:2    | 21729 ||| READING 2 scrolls of teleportation.
 21730 | Orc:2    | 21730 ||| DRINKING 6 potions of heal wounds.
 21835 | Orc:2    | 21835 ||| Stepping ~*~*~tactically~*~*~ (stealth).
 21836 | Orc:2    | 21836 ||| Invisible monster not found???
 21865 | Orc:2    | 21865 ||| Stepping ~*~*~tactically~*~*~ (stealth).
 21868 | Orc:2    | 21868 ||| INVOKING Heroism.
 21879 | Orc:2    | 21879 ||| Stepping ~*~*~tactically~*~*~ (outnumbered).
 21893 | Orc:2    | 21893 ||| Stepping ~*~*~tactically~*~*~ (stealth).
 21894 | Orc:2    | 21894 ||| Stepping ~*~*~tactically~*~*~ (stealth).
 21895 | Orc:2    | 21895 ||| INVOKING Heroism.
 21922 | Orc:2    | 21922 ||| Stepping ~*~*~tactically~*~*~ (stealth).
 21923 | Orc:2    | 21923 ||| Stepping ~*~*~tactically~*~*~ (stealth).
 21924 | Orc:2    | 21924 ||| Stepping ~*~*~tactically~*~*~ (stealth).
 21925 | Orc:2    | 21925 ||| Stepping ~*~*~tactically~*~*~ (stealth).
 21926 | Orc:2    | 21926 ||| Stepping ~*~*~tactically~*~*~ (stealth).
 21927 | Orc:2    | 21927 ||| Stepping ~*~*~tactically~*~*~ (stealth).
 21933 | Orc:2    | 21933 ||| Stepping ~*~*~tactically~*~*~ (stealth).
 21936 | Orc:2    | 21936 ||| Stepping ~*~*~tactically~*~*~ (stealth).
 21938 | Orc:2    | 21938 ||| Stepping ~*~*~tactically~*~*~ (stealth).
 21939 | Orc:2    | 21939 ||| Stepping ~*~*~tactically~*~*~ (stealth).
 21942 | Orc:2    | 21942 ||| Stepping ~*~*~tactically~*~*~ (stealth).
 21947 | Orc:2    | 21947 ||| Stepping ~*~*~tactically~*~*~ (stealth).
 21953 | Orc:2    | 21953 ||| Stepping ~*~*~tactically~*~*~ (stealth).
 21967 | Orc:2    | 21967 ||| INVOKING Heroism.
 21970 | Orc:2    | 21970 ||| Stepping ~*~*~tactically~*~*~ (outnumbered).
 21972 | Orc:2    | 21972 ||| Stepping ~*~*~tactically~*~*~ (outnumbered).
 21986 | Orc:2    | 21986 ||| Stepping ~*~*~tactically~*~*~ (stealth).
 21989 | Orc:2    | Received a gift from Okawaru
 22019 | Orc:2    | Found Utupag's Magic Scroll Shop.
 22028 | Orc:2    | Found Jaipuinu's Distillery.
 22028 | Orc:2    | Found Deinoeshri's General Store.
 22028 | Orc:2    | Found Zimijo's Jewellery Emporium.
 22050 | Orc:2    | 22050 ||| BUYING potion of curing (51 gold).
 22050 | Orc:2    | Bought a potion of curing for 51 gold pieces
 22050 | Orc:2    | 22050 ||| BUYING potion of haste (170 gold).
 22050 | Orc:2    | Bought a potion of haste for 170 gold pieces
 22050 | Orc:2    | 22050 ||| BUYING potion of heal wounds (85 gold).
 22050 | Orc:2    | Bought a potion of heal wounds for 85 gold pieces
 22050 | Orc:2    | 22050 ||| BUYING potion of mutation (136 gold).
 22050 | Orc:2    | Bought a potion of mutation for 136 gold pieces
 22050 | Orc:2    | 22050 ||| BUYING potion of resistance (170 gold).
 22050 | Orc:2    | Bought a potion of resistance for 170 gold pieces
 22050 | Orc:2    | 22050 ||| BUYING potion of resistance (170 gold).
 22050 | Orc:2    | Bought a potion of resistance for 170 gold pieces
 22051 | Orc:2    | 22051 ||| BUYING scroll of brand weapon (161 gold).
 22051 | Orc:2    | Bought a scroll of brand weapon for 161 gold pieces
 22051 | Orc:2    | 22051 ||| BUYING scroll of enchant weapon (127 gold).
 22051 | Orc:2    | Bought a scroll of enchant weapon for 127 gold pieces
 22052 | Orc:2    | 22052 ||| Stepping ~*~*~tactically~*~*~ (stealth).
 22053 | Orc:2    | 22053 ||| Stepping ~*~*~tactically~*~*~ (stealth).
 22057 | Orc:2    | 22057 ||| BUYING potion of mutation (120 gold).
 22057 | Orc:2    | Bought a potion of mutation for 120 gold pieces
 22057 | Orc:2    | 22057 ||| BUYING scroll of enchant weapon (112 gold).
 22057 | Orc:2    | Bought a scroll of enchant weapon for 112 gold pieces
 22150 | Orc:2    | Identified the +1 kite shield of Siatucsu {rElec} (Okawaru
                  | gifted it to you on level 2 of the Orcish Mines)
 22150 | Orc:2    | Received a gift from Okawaru
 22165 | Orc:2    | Found a staircase to the Elven Halls.
 22257 | Orc:2    | 22257 ||| PLANNING SNAKE:1-3
 22257 | Orc:2    | 22257 ||| UPGRADING to +1 kite shield of Siatucsu {rElec}.
 22428 | Snake:1  | Entered Level 1 of the Snake Pit
 22437 | Snake:1  | 22437 ||| INVOKING Heroism.
 22559 | Snake:1  | Found Abboph's Jewellery Shop.
 22562 | Snake:1  | 22562 ||| BUYING ring "Lonwyrer" {Fire Will+} (639 gold).
 22562 | Snake:1  | Bought the ring "Lonwyrer" {Fire Will+} for 639 gold pieces
 22594 | Snake:1  | 22594 ||| Stepping ~*~*~tactically~*~*~ (hiding).
 22596 | Snake:1  | 22596 ||| INVOKING Heroism.
 22599 | Snake:1  | 22599 ||| Stepping ~*~*~tactically~*~*~ (outnumbered).
 22608 | Snake:1  | 22608 ||| Stepping ~*~*~tactically~*~*~ (outnumbered).
 22610 | Snake:1  | Reached skill level 19 in Unarmed Combat
 22618 | Snake:1  | Noticed Aizul
 22619 | Snake:1  | 22619 ||| INVOKING Finesse.
 22640 | Snake:1  | HP: 32/145 [naga/+0 battleaxe (15)]
 22641 | Snake:1  | 22641 ||| READING scroll of teleportation.
 22642 | Snake:1  | 22642 ||| DRINKING 6 potions of heal wounds.
 22647 | Snake:1  | HP: 20/145 [Aizul/poison arrow (19)]
 22647 | Snake:1  | HP: 8/145 [naga/+0 battleaxe (12)]
 22648 | Snake:1  | 22648 ||| DRINKING 5 potions of heal wounds.
 22652 | Snake:1  | HP: 12/145 [poisoned by Aizul (poison arrow)]
 22657 | Snake:1  | HP: 12/145 [poisoned by Aizul (poison arrow)]
 22667 | Snake:1  | 22667 ||| DRINKING 4 potions of heal wounds.
 22669 | Snake:1  | 22669 ||| INVOKING Heroism.
 22695 | Snake:1  | HP: 33/145 [black mamba (8)]
 22696 | Snake:1  | 22696 ||| DRINKING 3 potions of heal wounds.
 22746 | Snake:1  | 22746 ||| Stepping ~*~*~tactically~*~*~ (stealth).
 22747 | Snake:1  | 22747 ||| INVOKING Heroism.
 22749 | Snake:1  | 22749 ||| Stepping ~*~*~tactically~*~*~ (stealth).
 22751 | Snake:1  | 22751 ||| Stepping ~*~*~tactically~*~*~ (stealth).
 22755 | Snake:1  | 22755 ||| Stepping ~*~*~tactically~*~*~ (outnumbered).
 22759 | Snake:1  | 22759 ||| Stepping ~*~*~tactically~*~*~ (outnumbered).
 22765 | Snake:1  | Reached XP level 16. HP: 54/154 MP: 22/22
 22854 | Snake:1  | 22854 ||| INVOKING Heroism.
 22855 | Snake:1  | 22855 ||| INVOKING Finesse.
 22866 | Snake:1  | Killed Aizul
 22867 | Snake:1  | Reached skill level 9 in Fighting
 22931 | Snake:1  | 22931 ||| Stepping ~*~*~tactically~*~*~ (hiding).
 22935 | Snake:1  | 22935 ||| INVOKING Heroism.
 22938 | Snake:1  | 22938 ||| Stepping ~*~*~tactically~*~*~ (hiding).
 22970 | Snake:1  | 22970 ||| Stepping ~*~*~tactically~*~*~ (stealth).
 22971 | Snake:1  | 22971 ||| Stepping ~*~*~tactically~*~*~ (stealth).
 22973 | Snake:1  | 22973 ||| Stepping ~*~*~tactically~*~*~ (stealth).
 22982 | Snake:1  | 22982 ||| Stepping ~*~*~tactically~*~*~ (stealth).
 22984 | Snake:1  | 22984 ||| Stepping ~*~*~tactically~*~*~ (stealth).
 22986 | Snake:1  | 22986 ||| Stepping ~*~*~tactically~*~*~ (stealth).
 22988 | Snake:1  | 22988 ||| Stepping ~*~*~tactically~*~*~ (hiding).
 23037 | Snake:1  | 23037 ||| Stepping ~*~*~tactically~*~*~ (hiding).
 23191 | Snake:1  | 23191 ||| Stepping ~*~*~tactically~*~*~ (stealth).
 23192 | Snake:1  | 23192 ||| Stepping ~*~*~tactically~*~*~ (stealth).
 23194 | Snake:1  | 23194 ||| Stepping ~*~*~tactically~*~*~ (hiding).
 23517 | Snake:1  | 23517 ||| Stepping ~*~*~tactically~*~*~ (hiding).
 23518 | Snake:1  | 23518 ||| Stepping ~*~*~tactically~*~*~ (hiding).
 23561 | Snake:1  | 23561 ||| Stepping ~*~*~tactically~*~*~ (hiding).
 23563 | Snake:1  | 23563 ||| Stepping ~*~*~tactically~*~*~ (hiding).
 23916 | Snake:1  | 23916 ||| DROPPING +2 kite shield.
 23917 | Snake:1  | 23917 ||| UPGRADING to +2 tower shield.
 23927 | Snake:1  | 23927 ||| DROPPING +1 kite shield of Siatucsu {rElec}.
 23928 | Snake:1  | 23928 ||| READING 18 scrolls of identify.
 23928 | Snake:1  | 23928 ||| IDENTIFYING purple potion
 23929 | Snake:1  | 23929 ||| DRINKING potion of experience.
 23929 | Snake:1  | Reached XP level 17. HP: 162/162 MP: 23/23
 23959 | Snake:2  | 23959 ||| Stepping ~*~*~tactically~*~*~ (hiding).
 23962 | Snake:2  | 23962 ||| Stepping ~*~*~tactically~*~*~ (hiding).
 23964 | Snake:2  | 23964 ||| Stepping ~*~*~tactically~*~*~ (hiding).
 23969 | Snake:2  | 23969 ||| Stepping ~*~*~tactically~*~*~ (hiding).
 23974 | Snake:2  | 23974 ||| Stepping ~*~*~tactically~*~*~ (hiding).
 23975 | Snake:2  | 23975 ||| Stepping ~*~*~tactically~*~*~ (hiding).
 23990 | Snake:2  | 23990 ||| Stepping ~*~*~tactically~*~*~ (hiding).
 24015 | Snake:2  | 24015 ||| INVOKING Heroism.
 24108 | Snake:2  | 24108 ||| INVOKING Heroism.
 24109 | Snake:2  | 24109 ||| Stepping ~*~*~tactically~*~*~ (hiding).
 24110 | Snake:2  | 24110 ||| Stepping ~*~*~tactically~*~*~ (hiding).
 24112 | Snake:2  | Received a gift from Okawaru
 24131 | Snake:2  | HP: 28/162 [naga warrior/+0 dire flail (21)]
 24132 | Snake:2  | 24132 ||| DRINKING 2 potions of heal wounds.
 24133 | Snake:2  | 24133 ||| DRINKING potion of heal wounds.
 24136 | Snake:2  | HP: 26/162 [poisoned by a naga warrior (splash of poison)]
 24306 | Snake:2  | 24306 ||| Stepping ~*~*~tactically~*~*~ (hiding).
 24308 | Snake:2  | 24308 ||| Stepping ~*~*~tactically~*~*~ (hiding).
 24400 | Snake:2  | Found Yfriwaid's Armour Boutique.
 24404 | Snake:2  | Found Fydghyk's General Store.
 24405 | Snake:2  | Found Doelohoc's Antique Armour Boutique.
 24471 | Snake:2  | 24471 ||| Stepping ~*~*~tactically~*~*~ (hiding).
 24472 | Snake:2  | 24472 ||| Stepping ~*~*~tactically~*~*~ (hiding).
 24473 | Snake:2  | 24473 ||| INVOKING Heroism.
 24513 | Snake:2  | 24513 ||| Stepping ~*~*~tactically~*~*~ (stealth).
 24516 | Snake:2  | 24516 ||| Stepping ~*~*~tactically~*~*~ (stealth).
 24521 | Snake:2  | 24521 ||| Stepping ~*~*~tactically~*~*~ (hiding).
 24523 | Snake:2  | 24523 ||| INVOKING Heroism.
 25244 | Snake:2  | 25244 ||| Stepping ~*~*~tactically~*~*~ (stealth).
 25246 | Snake:2  | 25246 ||| Stepping ~*~*~tactically~*~*~ (hiding).
 25374 | Snake:2  | 25374 ||| Stepping ~*~*~tactically~*~*~ (hiding).
 25375 | Snake:2  | 25375 ||| Stepping ~*~*~tactically~*~*~ (hiding).
 25384 | Snake:2  | 25384 ||| INVOKING Heroism.
 25745 | Snake:3  | Received a gift from Okawaru
 25862 | Snake:3  | 25862 ||| INVOKING Heroism.
 25868 | Snake:3  | Reached skill level 15 in Shields
 25977 | Snake:3  | 25977 ||| Stepping ~*~*~tactically~*~*~ (hiding).
 25984 | Snake:3  | 25984 ||| INVOKING Heroism.
 25986 | Snake:3  | 25986 ||| Stepping ~*~*~tactically~*~*~ (outnumbered).
 25989 | Snake:3  | Received a gift from Okawaru
 26041 | Snake:3  | 26041 ||| Stepping ~*~*~tactically~*~*~ (outnumbered).
 26048 | Snake:3  | 26048 ||| INVOKING Heroism.
 26051 | Snake:3  | HP: 32/162 [black mamba[a naga ritualist] (14)]
 26052 | Snake:3  | 26052 ||| READING scroll of teleportation.
 26052 | Snake:3  | HP: 12/162 [salamander/+0 glaive (7)]
 26053 | Snake:3  | 26053 ||| DRINKING potion of heal wounds.
 26057 | Snake:3  | HP: 28/162 [salamander/+0 glaive (11)]
 26058 | Snake:3  | Received a gift from Okawaru
 26063 | Snake:3  | HP: 22/162 [black mamba[a naga ritualist] (4)]
 26068 | Snake:3  | Killed from afar by a salamander mystic

Levels and vault maps discovered:
D:1:      shiori_shiawase, layout_basic
D:2:      layout_loops_cross, serial_shops, nicolae_shop_overgrown_old_shop
D:3:      layout_rooms, hellmonk_ecumenical_altar_pennies_from_heaven,
          kennysheep_orc_chapel
D:4:      layout_basic
D:5:      layout_cave_pools, lemuel_tele_altar, columned_hall_lemuel,
          minmay_strange_pillars, uniq_eustachio
D:6:      layout_cave_pools, nicolae_overflow_two_pavilions
D:7:      layout_cave_pools, minmay_temple_entry_mist, minmay_misc_feat_roman,
          grunt_ministairs_10, minmay_misc_feat_doors
D:8:      layout_layer_cave, uniq_maurice, uniq_prince_ribbit1
D:9:      layout_rooms, serial_shops, shop, ebering_ghost_disaster_area,
          enter_bailey_3, serial_bayou_pond_c, uniq_maggie
D:10:     layout_long_grid, dpeg_lair_monsters, uniq_erolcha
D:11:     layout_cross, hangedman_abyss_or_decor_stabs,
          hangedman_decor_riveting, statue_in_the_mist_lemuel
D:12:     layout_loops_ring, orc_0_dummy, nemelex_xobeh_ov_fountains_minmay
D:13:     minmay_stone_box, layout_long_grid, david_vaults_5, special_room
          [special_room_orc], nrook_guardian_serpent_double
D:14:     layout_small_grid, serial_shops, nicolae_shop_bloodbath_and_beyond,
          nicolae_vehumet_altar_sigil, lightli_minifort
D:15:     grunt_enter_depths_hoard, layout_rooms, roderic_lattice_a,
          uniq_roxanne
Temple:   nicolae_temple_bog_church
Lair:1:   layout_regular_city, nicolae_volcano_entry_hallway,
          infiniplex_staircase_pool, grunt_megastairs_4
Lair:2:   layout_long_grid, minmay_swamp_entry_reptiles
Lair:3:   layout_chaotic_city, guppyfry_snake_entry_island, wad_woods_road_03,
          serial_bayou_shore_a, grunt_megastairs_1, infiniplex_staircase_pool_2,
          lemuel_fruit_tree, uniq_gastronok
Lair:4:   beast_lair_carwin_large_3, layout_cave_pods, slime_entry_1,
          gammafunk_ghost_grave, chequers_serial_rivers_micro_b
Lair:5:   hellmonk_lair_end_abyssal_woods, layout_cellular_growth, dpeg_oklob_1,
          uniq_josephine
Snake:1:  layout_concentric_octagons, serial_shops, nicolae_shop_hallway_stairs,
          uniq_aizul
Snake:2:  layout_chambers, minmay_shop_star
Snake:3:  layout_gridlike, special_room
Orc:1:    layout_caves, mines_bat_river, uniq_snorg
Orc:2:    st_orc_ogre_mass, layout_diamond_mine, basic_altar

Skill      XL: |  1  2  3  4  5  6  7  8  9 10 11 12 13 14 15 16 17 |
---------------+----------------------------------------------------+-----
Unarmed Combat | 4 5 6 9 10 12 13 14 15 17 19 | 19.0
Throwing       | 1 3 4 5 7 8 |  8.0
Shields        | 2 4 5 6 8 9 10 11 12 13 15 | 15.4
Dodging        | 1 2 3 4 |  4.0
Fighting       | 3 4 5 6 7 8 9 |  9.0
Armour         | 1 2 3 4 |  4.0
Invocations    | 4 8 10 | 10.0
Spellcasting   | |  1.0
Fire Magic     | |  2.1

Action                   |  1- 3 |  4- 6 |  7- 9 | 10-12 | 13-15 | 16-18 || total
-------------------------+-------+-------+-------+-------+-------+-------++-------
Melee: Unarmed           |    70 |    89 |   273 |   546 |  1071 |   279 ||  2328
       Punch             |     1 |     2 |       |       |       |       ||     3
Throw: Boomerang         |    25 |    53 |    31 |    71 |   100 |       ||   280
       Javelin           |       |       |     8 |    24 |    39 |       ||    71
       Large rock        |       |       |       |       |    94 |     9 ||   103
Invok: Fiery Armour      |       |     3 |     7 |     3 |       |       ||    13
       Heroism           |       |       |       |    23 |    49 |    10 ||    82
       Finesse           |       |       |       |       |     9 |     1 ||    10
  Use: Scroll            |     1 |     3 |    13 |    10 |    10 |     2 ||    39
       Potion            |       |     2 |     5 |     6 |     8 |     4 ||    25
 Stab: Sleeping          |       |       |       |     1 |       |       ||     1
       Paralysed         |       |       |       |       |     1 |       ||     1
Armor: Robe              |    21 |    25 |   113 |    43 |       |       ||   202
       Swamp dragon scal |       |       |       |   144 |   302 |    57 ||   503
Dodge: Dodged            |    17 |    40 |   179 |   128 |   251 |    51 ||   666
Block: Kite shield       |       |    13 |   189 |   321 |   714 |    27 ||  1264
       Reflection        |       |       |       |       |    26 |    27 ||    53
       Tower shield      |       |       |       |       |       |   334 ||   334

Table legend:
 A = Non-vault XP
 B = Vault XP
 C = Vault XP percentage of total XP
 D = Non-vault monster count
 E = Vault monster count
 F = Vault count percentage of total count
                 A         B        C        D         E       F
            +---------+---------+-------+---------+---------+-------
      Total |  136158 |   58190 |  29.9 |     612 |     182 |  22.9
            +---------+---------+-------+---------+---------+-------
        D:1 |      38 |       0 |   0.0 |      21 |       0 |   0.0
        D:2 |      64 |       0 |   0.0 |      21 |       0 |   0.0
        D:3 |     106 |     122 |  53.5 |      27 |       5 |  15.6
        D:4 |     504 |       0 |   0.0 |      25 |       0 |   0.0
        D:5 |    2446 |     217 |   8.1 |      39 |       1 |   2.5
        D:6 |     964 |       0 |   0.0 |      13 |       0 |   0.0
        D:7 |    1619 |     122 |   7.0 |      38 |       2 |   5.0
        D:8 |     696 |     771 |  52.6 |      15 |       2 |  11.8
        D:9 |    3206 |    1210 |  27.4 |      26 |       6 |  18.8
       D:10 |     932 |    6464 |  87.4 |      13 |       8 |  38.1
       D:11 |    4519 |       0 |   0.0 |      34 |       0 |   0.0
       D:12 |    5261 |     169 |   3.1 |      15 |       2 |  11.8
       D:13 |    4107 |    3798 |  48.0 |       9 |      33 |  78.6
       D:14 |    5533 |    1253 |  18.5 |      11 |       6 |  35.3
       D:15 |   11416 |    3080 |  21.2 |      18 |       3 |  14.3
     Lair:1 |    7579 |     807 |   9.6 |      31 |       4 |  11.4
     Lair:2 |    2955 |     249 |   7.8 |      14 |       4 |  22.2
     Lair:3 |    7614 |    2243 |  22.8 |      31 |       5 |  13.9
     Lair:4 |    5175 |    4851 |  48.4 |      17 |      10 |  37.0
     Lair:5 |   11635 |   13225 |  53.2 |      35 |      43 |  55.1
    Snake:1 |   19381 |    1206 |   5.9 |      43 |       1 |   2.3
    Snake:2 |   22592 |       0 |   0.0 |      44 |       0 |   0.0
    Snake:3 |   11535 |       0 |   0.0 |      22 |       0 |   0.0
      Orc:1 |     740 |     941 |  56.0 |      16 |       8 |  33.3
      Orc:2 |    5541 |   17462 |  75.9 |      34 |      39 |  53.4
            +---------+---------+-------+---------+---------+-------
